 Dungeon Crawl Stone Soup version 0.23.2-30-g0e89c35649 (webtiles) character file.

Game seed: 16129170790911109874

1688196 bmj180 the Minotaur Barricade (level 27, 245/245 HPs)
             Began as a Minotaur Fighter on June 11, 2019.
             Was a Favourite Plaything of Xom.
             Escaped with the Orb
             ... and 3 runes!
             The game lasted 05:25:18 (82233 turns).

bmj180 the Minotaur Barricade (Minotaur Fighter)   Turns: 82233, Time: 05:25:18

Health: 245/245    AC: 37    Str: 27    XL:     27
Magic:  28/28      EV: 35    Int:  5    God:    Xom [....*.]
Gold:   6071       SH: 30    Dex: 26    Spells: 26/26 levels left

rFire    + + +     SeeInvis +   a - +7 demon trident of Mandamus {flame, rPois rC+ Dex+4 Stlth-}
rCold    + + +     Gourm    .   E - +5 shield "Qimno" {*Drain rF++ Dex+3 Slay+2}
rNeg     + + .     Faith    .   k - +1 plate armour of Ennui {rPois rN++ Slay-3}
rPois    +         Spirit   .   V - +2 hat {SInv}
rElec    +         Reflect  +   h - +2 cloak {MR+}
rCorr    .         Harm     .   X - +2 pair of gloves
MR       +++++                  F - +0 pair of boots of the Valley {rF+ MR+ Str+2 Stlth+}
Stlth    ..........             q - amulet "Sal Idiz" {Reflect *Corrode rPois rC+ Dex+3 Slay+3 SH+5}
HPRegen  0.50/turn              A - +5 ring of evasion
MPRegen  0.21/turn              Q - ring "Ryvosm" {Wiz rElec rC+ MR++ Str-5}

@: no status effects
A: retaliatory headbutt, horns 2, slimy green scales 1, thin skeletal structure
1, frail 1, mutation resistance 1
0: Orb of Zot
}: 3/15 runes: barnacled, silver, gossamer
a: Renounce Religion


You escaped.
You worshipped Xom.
You were a beloved toy of Xom.
You were not hungry.

You visited 11 branches of the dungeon, and saw 53 of its levels.
You visited 1 bazaar.
You also visited: Trove, Bailey, Gauntlet and Wizlab.

You collected 10786 gold pieces.
You spent 4715 gold pieces at shops.

Inventory:

Hand Weapons
 a - the +7 demon trident of Mandamus (weapon) {flame, rPois rC+ Dex+4 Stlth-}
   (You found it on level 2 of the Depths)

   It has been specially enchanted to burn those struck by it, causing extra
   injury to most foes and up to half again as much damage against particularly
   susceptible opponents.
   It affects your dexterity (+4).
   It protects you from cold.
   It protects you from poison.
   It makes you less stealthy.
 b - a +9 demon trident of freezing
Missiles
 l - 71 tomahawks of returning (quivered)
Armour
 h - a +2 cloak of magic resistance (worn)
 k - the +1 plate armour of Ennui (worn) {rPois rN++ Slay-3}
   (You bought it in a shop on level 4 of the Dungeon)

   It affects your accuracy and damage with ranged weapons and melee attacks
   (-3).
   It protects you from poison.
   It greatly protects you from negative energy.
 y - the +15 Maxwell's patent armour {-Cast -Tele rElec MR+ rCorr}
   (You found it in a treasure trove)

   It insulates you from electricity.
   It affects your resistance to hostile enchantments.
   It prevents spellcasting.
   It prevents most forms of teleportation.
   It provides partial protection from all sources of acid and corrosion.
 E - the +5 shield "Qimno" (worn) {*Drain rF++ Dex+3 Slay+2}
   (You found it on level 3 of the Lair of Beasts)

   It affects your dexterity (+3).
   It affects your accuracy and damage with ranged weapons and melee attacks
   (+2).
   It greatly protects you from fire.
   It causes draining when unequipped.
 F - the +0 pair of boots of the Valley (worn) {rF+ MR+ Str+2 Stlth+}
   (You found it in a treasure trove)

   It affects your strength (+2).
   It protects you from fire.
   It affects your resistance to hostile enchantments.
   It makes you more stealthy.
 G - the +13 plate armour "Eruraph" {Dex+7}
   (You bought it in a shop on level 4 of the Dungeon)

   It affects your dexterity (+7).
 V - a +2 hat of see invisible (worn)
 X - a +2 pair of gloves (worn)
Jewellery
 c - the ring of Cuosyibakk {+Fly rF+ MR+ Int+3}
   (You found it in a wizard's laboratory)

   [ring of protection from fire]

   It affects your intelligence (+3).
   It protects you from fire.
   It affects your resistance to hostile enchantments.
   It lets you fly.
 q - the amulet "Sal Idiz" (around neck) {Reflect *Corrode rPois rC+ Dex+3 Slay+3 SH+5}
   (You found it on level 3 of the Crypt)

   [amulet of reflection]

   It shields you and reflects attacks.
   It affects your dexterity (+3).
   It affects your accuracy and damage with ranged weapons and melee attacks
   (+3).
   It protects you from cold.
   It protects you from poison.
   It may corrode you when you take damage.
   It affects your SH (+5).
 s - the ring of Uskayaw's Reproof {rN+ Str-3 Slay+2 Stlth+}
   (You took it off Boris on level 3 of the Crypt)

   [ring of positive energy]

   It affects your strength (-3).
   It affects your accuracy and damage with ranged weapons and melee attacks
   (+2).
   It protects you from negative energy.
   It makes you more stealthy.
 A - a +5 ring of evasion (left hand)
 D - an uncursed ring of positive energy
 J - the ring "Oxebaitum" {*Corrode rN+ Int+4}
   (You found it on level 3 of the Crypt)

   [ring of positive energy]

   It affects your intelligence (+4).
   It protects you from negative energy.
   It may corrode you when you take damage.
 Q - the ring "Ryvosm" (right hand) {Wiz rElec rC+ MR++ Str-5}
   (You found it on level 10 of the Dungeon)

   [ring of wizardry]

   It improves your spell success rate.
   It affects your strength (-5).
   It protects you from cold.
   It insulates you from electricity.
   It affects your resistance to hostile enchantments.
 W - an uncursed ring of ice
Wands
 x - a wand of acid (38)
 z - a wand of iceblast (33)
 I - a wand of scattershot (7)
 M - a wand of paralysis (50)
 R - a wand of clouds (12)
 Y - a wand of disintegration (14)
 Z - a wand of digging (1)
Scrolls
 d - 23 scrolls of identify
 i - 3 scrolls of holy word
 j - 19 scrolls of teleportation
 m - 34 scrolls of remove curse
 p - 7 scrolls of blinking
 r - a scroll of silence
 u - 2 scrolls of magic mapping
 C - a scroll of enchant armour
 P - 3 scrolls of summoning
 S - 9 scrolls of fear
 T - 7 scrolls of fog
Potions
 g - 6 potions of berserk rage
 n - a potion of resistance
 o - 3 potions of mutation
 t - 5 potions of might
 v - 14 potions of heal wounds
 w - 3 potions of haste
 B - 6 potions of agility
 H - 4 potions of flight
 N - 16 potions of curing
 U - 5 potions of cancellation
Miscellaneous
 f - a fan of gales
 K - a lamp of fire
 L - a phial of floods
Comestibles
 e - 75 rations


   Skills:
 O Level 27 Fighting
 O Level 27 Polearms
 O Level 27 Armour
 * Level 25.1 Dodging
 O Level 27 Shields
 + Level 9.0 Evocations


You had 26 spell levels left.
You didn't know any spells.
Your spell library contained the following spells:

 Spells                   Type           Power        Failure   Level  Hunger
 Animate Skeleton         Necr           N/A          52%         1    ##.....
 Apportation              Tloc           #.....       52%         1    ##.....
 Beastly Appendage        Tmut           #.....       52%         1    ##.....
 Confusing Touch          Hex            #.....       52%         1    ##.....
 Corona                   Hex            #......      52%         1    ##.....
 Flame Tongue             Conj/Fire      #....        52%         1    ##.....
 Infusion                 Chrm           #...         52%         1    ##.....
 Magic Dart               Conj           #...         52%         1    ##.....
 Pain                     Necr           #...         52%         1    ##.....
 Sandblast                Erth           #.....       52%         1    ##.....
 Shock                    Conj/Air       #...         52%         1    ##.....
 Sting                    Conj/Pois      #...         52%         1    ##.....
 Summon Butterflies       Summ           #.......     52%         1    ##.....
 Summon Small Mammal      Summ           #...         52%         1    ##.....
 Blink                    Tloc           N/A          65%         2    ###....
 Call Imp                 Summ           #.......     65%         2    ###....
 Corpse Rot               Necr           N/A          65%         2    ###....
 Ensorcelled Hibernation  Hex/Ice        #.....       65%         2    ###....
 Passwall                 Tmut/Erth      #.......     65%         2    ###....
 Poisonous Vapours        Pois/Air       #.....       65%         2    ###....
 Searing Ray              Conj           #.....       65%         2    ###....
 Shroud of Golubria       Chrm/Tloc      #.........   65%         2    ###....
 Slow                     Hex            #.......     65%         2    ###....
 Song of Slaying          Chrm           #.......     65%         2    ###....
 Sticks to Snakes         Tmut           #.......     65%         2    ###....
 Sublimation of Blood     Necr           #.........   65%         2    ###....
 Swiftness                Chrm/Air       #.......     65%         2    ###....
 Throw Flame              Conj/Fire      #.....       65%         2    ###....
 Throw Frost              Conj/Ice       #.....       65%         2    ###....
 Call Canine Familiar     Summ           #.......     86%         3    ####...
 Confuse                  Hex            #.......     86%         3    ####...
 Conjure Flame            Conj/Fire      #.......     86%         3    ####...
 Dazzling Spray           Conj/Hex       #.....       86%         3    ####...
 Gell's Gravitas          Tloc           #.........   86%         3    ####...
 Ignite Poison            Fire/Tmut/Pois #.......     86%         3    ####...
 Inner Flame              Hex/Fire       #.......     86%         3    ####...
 Lesser Beckoning         Tloc           #.........   86%         3    ####...
 Mephitic Cloud           Conj/Pois/Air  #.......     86%         3    ####...
 Portal Projectile        Hex/Tloc       #.....       86%         3    ####...
 Recall                   Summ/Tloc      N/A          86%         3    ####...
 Regeneration             Chrm/Necr      #.........   86%         3    ####...
 Spectral Weapon          Hex/Chrm       #.......     86%         3    ####...
 Spider Form              Tmut/Pois      #.........   86%         3    ####...
 Stone Arrow              Conj/Erth      #.....       86%         3    ####...
 Summon Guardian Golem    Hex/Summ       #.......     86%         3    ####...
 Teleport Other           Tloc           #.......     86%         3    ####...
 Tukima's Dance           Hex            #.......     86%         3    ####...
 Vampiric Draining        Necr           #.........   86%         3    ####...
 Animate Dead             Necr           N/A          99%         4    #####..
 Cause Fear               Hex            #.........   99%         4    #####..
 Force Lance              Conj/Tloc      #.......     99%         4    #####..
 Fulminant Prism          Conj/Hex       #.........   99%         4    #####..
 Ice Form                 Ice/Tmut       #.......     99%         4    #####..
 Iskenderun's Mystic Bla  Conj           #.......     99%         4    #####..
 Leda's Liquefaction      Hex/Erth       #.........   99%         4    #####..
 Petrify                  Tmut/Erth      #.......     99%         4    #####..
 Sticky Flame             Conj/Fire      #.......     99%         4    #####..
 Summon Ice Beast         Ice/Summ       #.......     99%         4    #####..
 Summon Lightning Spire   Summ/Air       #.......     99%         4    #####..
 Throw Icicle             Conj/Ice       #.......     99%         4    #####..
 Agony                    Necr           #.......     100%        5    ######.
 Alistair's Intoxication  Tmut/Pois      #.......     100%        5    ######.
 Aura of Abjuration       Summ           #.........   100%        5    ######.
 Blade Hands              Tmut           #.........   100%        5    ######.
 Bolt of Draining         Conj/Necr      #.........   100%        5    ######.
 Bolt of Magma            Conj/Fire/Erth #.........   100%        5    ######.
 Borgnjor's Vile Clutch   Necr/Erth      #.........   100%        5    ######.
 Dispel Undead            Necr           #.......     100%        5    ######.
 Excruciating Wounds      Chrm/Necr      #.........   100%        5    ######.
 Fireball                 Conj/Fire      #.........   100%        5    ######.
 Iskenderun's Battlesphe  Conj/Chrm      #.......     100%        5    ######.
 Lee's Rapid Deconstruct  Erth           #.........   100%        5    ######.
 Metabolic Englaciation   Hex/Ice        #.........   100%        5    ######.
 Silence                  Hex/Air        #.........   100%        5    ######.
 Summon Demon             Summ           #.........   100%        5    ######.
 Summon Forest            Summ/Tloc      #.........   100%        5    ######.
 Summon Mana Viper        Hex/Summ       #.......     100%        5    ######.
 Venom Bolt               Conj/Pois      #.........   100%        5    ######.
 Yara's Violent Unravell  Hex/Tmut       #.........   100%        5    ######.
 Bolt of Cold             Conj/Ice       #.........   100%        6    #######
 Bolt of Fire             Conj/Fire      #.........   100%        6    #######
 Conjure Ball Lightning   Conj/Air       #.........   100%        6    #######
 Darkness                 Hex            #.........   100%        6    #######
 Death Channel            Necr           #.........   100%        6    #######
 Deflect Missiles         Chrm/Air       #.........   100%        6    #######
 Freezing Cloud           Conj/Ice/Air   #.........   100%        6    #######
 Invisibility             Hex            #.......     100%        6    #######
 Iron Shot                Conj/Erth      #.........   100%        6    #######
 Shadow Creatures         Summ           N/A          100%        6    #######
 Simulacrum               Ice/Necr       #.........   100%        6    #######
 Statue Form              Tmut/Erth      #........    100%        6    #######
 Dragon Form              Tmut           #.........   100%        7    #######
 Orb of Destruction       Conj           #.........   100%        7    #######
 Ring of Flames           Chrm/Fire      #.........   100%        7    #######
 Spellforged Servitor     Conj/Summ      #.........   100%        7    #######
 Summon Hydra             Summ           #.........   100%        7    #######
 Discord                  Hex            #.........   100%        8    #######
 Ignition                 Fire           #.........   100%        8    #######
 Dragon's Call            Summ           #.........   100%        9    #######
 Shatter                  Erth           #.........   100%        9    #######
 Tornado                  Air            #.........   100%        9    #######
 Passage of Golubria      Tloc           Unusable     N/A         4    N/A

Dungeon Overview and Level Annotations

Branches:
Dungeon (15/15)            Temple (1/1) D:6            Lair (6/6) D:11
 Shoals (4/4) Lair:2       Spider (4/4) Lair:2        Slime (0/5) Lair:6
    Orc (2/2) D:12            Elf (3/3) Orc:2        Vaults (5/5) D:14
  Crypt (3/3) Vaults:2       Tomb (0/3) Crypt:3      Depths (5/5) D:15
    Zot (5/5) Depths:5

Altars:
Ashenzari
Cheibriados
Dithmenos
Elyvilon
Fedhas
Gozag
Hepliaklqana
Kikubaaqudgha
Makhleb
Nemelex Xobeh
Okawaru
Qazlal
Ru
Sif Muna
Trog
Uskayaw
Vehumet
Wu Jian
Xom
Yredelemnul
Zin
The Shining One
Beogh
Jiyva

Shops:
D:4 [   D:6 }   D:13 ?   Orc:1 *   Orc:2 [!:*%   Elf:2 *   Shoals:4 }
Vaults:3 (   Depths:1 }=}

Portals:
Hell: Depths:1 Depths:2 Depths:3 Depths:4 Depths:5
Abyss: Depths:1 Depths:4 Depths:5
Pandemonium: Depths:1 Depths:3
Ziggurat: Depths:2


Innate Abilities, Weirdness & Mutations

You reflexively headbutt those who attack you in melee.
You have a pair of horns on your head.
You are partially covered in slimy green scales. (AC +2)
You have a somewhat thin skeletal structure. (Dex +2, Stealth)
You are frail. (-10% HP)
You are somewhat resistant to further mutation.


Message History

There is a stone staircase leading down here.
(D) Dungeon (T) Temple (L) Lair (A) Shoals (N) Spider Nest (M) Slime Pits (O) Orcish Mines (E) Elven Halls (V) Vaults (C) Crypt (W) Tomb (U) Depths (H) Hell (Z) Zot
Where to? (* - list waypoints, Enter - D:2, ? - help)
You see here 2 stones.
There is a stone staircase leading up here.
You climb upwards.
There is a stone staircase leading down here.
You are now a beloved toy of Xom.
Evoke which item? (* to show all) (? for menu, Esc to quit)
Aiming: Dig
Press: ? - help, Shift-Dir - straight line A rock wall.
This square is covered in magical glow.
The rock shatters into small pieces.
There is an open door here.
There is a staircase leading out of the dungeon here.
You have escaped!

...###.......#.............####..
................###........####..
..........#####..........#.##....
..........# ##.##......#..#....
......##########.##########.+....
.#....# #.#.#.#.#.#.#.# #.#....
.#....# #'#'#'#'#'#'#'# #.#....
.#....####.#.#.#.#.#.#.####.##'#.
.#....#.÷.......@.......÷.#.##.#.
.#....####.#.#.#.#.#.#.####....#.
##....# #'#'#'#'#'#'#'# #....#.
......# #.#.#.#.#.#.#.# #....#.
......##########.####### #..#.##
.............# #.##....# #..#.#.
###..........# #.......# #....#.
# #..........# #.......# #....#.
###..........# #.......## #....#.


There were no monsters in sight!

Vanquished Creatures
  4 ancient liches
  9 orbs of fire
  Mara (Crypt:1)
  4 juggernauts
  Boris (4 times) (Vaults:2 Vaults:4 Depths:2 Crypt:3)
  Frederick (Vaults:3)
  Bai Suzhen (Crypt:1)
  Margery (Crypt:1)
  2 shard shrikes (Zot:5)
  8 Killer Klowns
  Saint Roka (Depths:1)
  Xtahua (Crypt:1)
  A curse toe (Zot:3)
  7 caustic shrikes
  Nikola (Spider:3)
  13 golden dragons
  Arachne (Spider:3)
  A Hellbinder (WizLab)
  Jory (Depths:3)
  the Enchantress (Depths:1)
  5 electric golems
  The ghost of Aral the Warrior, an adept MiBe of Trog (Shoals:1)
  Rupert (Lair:6)
  21 tentacled monstrosities
  2 deep elf blademasters (Elf:3)
  26 Orb Guardians
  5 liches
  9 titans
  5 quicksilver dragons
  2 krakens
  An ancient champion (Crypt:2)
  11 shadow dragons
  14 sphinxes
  8 death cobs
  9 tengu reavers
  12 storm dragons
  Kirke (Lair:6)
  A shadow dragon (shapeshifter) (Vaults:5)
  Donald (Shoals:1)
  The ghost of totalnoob the Imperceptible, an adept SpEn of Ashenzari (Elf:1)
  A revenant (Crypt:1)
  9 draconian knights
  An iron dragon (Zot:5)
  10 draconian monks
  6 deep elf sorcerers (Elf:3)
  14 fire giants
  6 ghost moths
  13 frost giants
  6 emperor scorpions
  17 vault wardens
  7 draconian scorchers
  Louise (Shoals:1)
  A warmonger (Zot:2)
  3 balrugs (WizLab)
  2 curse skulls
  8 draconian annihilators
  2 ghouls (Vaults:2)
  5 draconian stormcallers
  9 draconian shifters
  4 deep elf elementalists
  A blood saint (Zot:2)
  7 war gargoyles
  5 spriggan defenders
  18 stone giants
  15 ironheart preservers
  A caustic shrike skeleton (Crypt:1)
  2 reapers
  An entropy weaver (Vaults:1)
  17 green draconians
  10 vampire knights
  35 very ugly things
  10 deep elf demonologists
  13 purple draconians
  11 black draconians
  20 white draconians
  6 deep elf annihilators (Elf:3)
  A black sun (WizLab)
  13 red draconians
  A minotaur (Gauntlet)
  8 spark wasps
  12 yellow draconians
  2 merfolk javelineers (Shoals:4)
  A blizzard demon (WizLab)
  Josephine (Orc:1)
  2 eidola
  14 deep elf death magi
  23 ettins
  4 yaktaur captains
  8 fire dragons
  10 merfolk impalers
  The ghost of Firil the Destroyer, a journeyman OpFE of Vehumet (Lair:1)
  8 great orbs of eyes
  4 deep elf high priests
  4 jiangshi
  4 rakshasas
  6 hydras
  Fannar (D:10)
  Harold (D:9)
  41 vault guards
  12 ice dragons
  The ghost of eskel the Thaumaturge, a journeyman GnWz of Sif Muna (Orc:1)
  A merfolk avatar (Shoals:4)
  5 spriggan air magi
  3 hell beasts
  8 centaur warriors
  An alligator snapping turtle (Shoals:4)
  2 death knights
  3 merfolk aquamancers
  37 dancing weapons
  69 two-headed ogres
  10 deep troll earth magi
  9 deep troll shamans
  8 tengu warriors
  24 ogre magi
  2 orc high priests (Orc:1)
  26 hell knights
  4 vampire magi
  6 spriggan berserkers
  A storm dragon zombie (D:15)
  3 sun demons
  4 soul eaters
  28 deep elf knights
  2 iron trolls (Depths:2)
  3 shadow wraiths
  18 skeletal warriors
  Urug (D:11)
  5 sixfirhies
  22 deep trolls
  2 death drakes (shapeshifter)
  A spark wasp zombie (Depths:2)
  2 fire crabs
  2 salamander mystics
  A storm dragon skeleton (Crypt:3)
  The ghost of troglodite the Reanimator, a novice DsNe of Qazlal (D:6)
  5 unseen horrors
  3 torturous demonspawn
  6 flayed ghosts
  An unseen horror (shapeshifter) (Depths:3)
  2 death drakes (Depths:5)
  A ghost moth zombie (Crypt:2)
  8 glowing orange brains
  16 sea snakes
  A swamp dragon (shapeshifter) (Shoals:4)
  An infernal demonspawn (Zot:2)
  3 shadow demons
  14 wizards
  16 deep elf archers
  8 orc knights
  2 harpies (shapeshifter)
  4 lindwurms
  An obsidian statue (Depths:4)
  29 wolf spiders
  11 necromancers
  2 wolf spiders (shapeshifter)
  3 oklob plants
  22 ironbrand convokers
  A frost giant zombie (Depths:3)
  An orb spider (shapeshifter) (Vaults:1)
  17 orb spiders
  51 ugly things
  8 harpies
  A faun (shapeshifter) (Zot:3)
  14 phantasmal warriors
  A sphinx zombie (D:15)
  An anaconda skeleton (Crypt:3)
  16 manticores
  9 salamanders
  7 cyclopes
  60 deep elf magi
  A moth of wrath (shapeshifter) (Depths:2)
  27 moths of wrath
  5 orc sorcerers
  A stone giant zombie (Depths:2)
  6 fauns
  A frost giant skeleton (Depths:3)
  4 rust devils
  3 water nymphs
  9 merfolk sirens
  A guardian serpent (shapeshifter) (Vaults:3)
  10 black mambas
  3 fire giant skeletons
  3 molten gargoyles (Lair:6)
  An eye of devastation (Shoals:4)
  Psyche (D:11)
  2 orange demons (WizLab)
  9 smoke demons
  15 vault sentinels
  5 gargoyles
  6 spiny frogs
  2 black draconian zombies (Crypt:1)
  A minotaur zombie (Gauntlet)
  3 torpor snails (Lair:4)
  A dire elephant skeleton (Crypt:3)
  A spriggan zombie (Depths:2)
  A yellow draconian zombie (Crypt:1)
  10 demonic crawlers
  3 hellions
  16 yaktaurs
  2 efreet
  8 freezing wraiths
  4 komodo dragons
  6 ice devils
  5 tengu conjurers
  An iron troll zombie (Crypt:2)
  A rime drake (shapeshifter) (Vaults:5)
  7 hellwings
  2 guardian mummies (Crypt:3)
  2 queen bees
  16 trolls
  7 red devils
  36 jumping spiders
  3 meliai (D:15)
  2 polar bears
  A polar bear (shapeshifter) (Vaults:2)
  A meliai (shapeshifter) (Vaults:4)
  12 hornets
  A harpy skeleton (D:14)
  3 wind drakes
  25 blink frogs
  25 merfolk
  Grinder (D:4)
  32 slime creatures
  An alligator zombie (Crypt:2)
  16 dream sheep
  12 hippogriffs
  15 snapping turtles
  A human simulacrum (Vaults:3)
  A raiju (shapeshifter) (Depths:3)
  6 flying skulls (Crypt:1)
  2 hippogriffs (shapeshifter)
  63 redbacks
  A fire dragon zombie (D:15)
  8 spriggans
  A spriggan (shapeshifter) (Elf:3)
  A centaur simulacrum (D:14)
  A black mamba zombie (Crypt:1)
  21 water elementals
  A redback (shapeshifter) (Depths:3)
  26 yaks
  2 basilisks (shapeshifter)
  An air elemental (Elf:1)
  6 wyverns
  2 vampires (D:10)
  3 tarantellas (shapeshifter)
  3 ynoxinuls
  8 shadows
  An ushabti (Crypt:3)
  17 tarantellas
  12 wraiths
  5 basilisks
  7 fire elementals
  3 hogs (Lair:6)
  2 fire bats (Depths:2)
  A steam dragon (shapeshifter) (Elf:3)
  2 hungry ghosts (Crypt:3)
  2 steam dragons (Lair:6)
  6 chaos spawn
  A spriggan simulacrum (Depths:2)
  2 neqoxecs (WizLab)
  14 vampire mosquitoes
  12 water moccasins
  A warg (Vaults:1)
  2 acid dragons
  6 hell hounds
  A floating eye (Depths:3)
  A floating eye (shapeshifter) (Vaults:3)
  2 merfolk skeletons (Crypt:3)
  2 porcupines
  8 ice beasts
  6 swamp drakes (Depths:5)
  33 orc warriors
  3 phantoms
  4 black bears
  A necrophage (D:11)
  2 sky beasts
  2 eyes of draining
  A manticore zombie (Crypt:2)
  10 boggarts
  8 wolves (Lair:6)
  13 centaurs
  An elephant zombie (Crypt:1)
  47 ogres
  A centaur (shapeshifter) (Depths:3)
  7 crocodiles
  3 snapping turtle skeletons (Crypt:3)
  4 big kobolds
  A draconian zombie (Crypt:2)
  A wyvern zombie (D:8)
  19 bullfrogs
  4 earth elementals
  3 scorpions
  2 wyvern skeletons
  A troll zombie (Crypt:2)
  14 killer bees
  18 wights
  10 howler monkeys
  7 electric eels
  21 crimson imps
  4 quasits
  A wolf zombie (Crypt:2)
  4 centaur zombies
  5 lava snakes (Lair:6)
  5 bullfrog zombies
  4 centaur skeletons
  6 hounds
  16 orc priests
  A bullfrog skeleton (D:6)
  3 iron imps (Depths:4)
  18 orc wizards
  A basilisk skeleton (Crypt:1)
  4 iguanas
  Ijyb (D:3)
  Natasha (thrice) (D:3)
  8 worker ants
  11 hell rats (Lair:1)
  2 hound skeletons
  8 mummies
  2 worker ant zombies
  A howler monkey zombie (D:6)
  9 gnolls
  19 adders
  14 river rats (Lair:1)
  A hound simulacrum (D:6)
  8 shadow imps
  6 white imps
  A worker ant simulacrum (D:6)
  2 ufetubi (Depths:1)
  4 oozes
  An adder zombie (D:5)
  A halfling skeleton (Crypt:1)
  An iguana skeleton (Crypt:2)
  A worm (D:4)
  A barachi zombie (Crypt:2)
  3 dart slugs
  7 leopard geckos
  72 orcs
  12 bats
  A bat skeleton (Crypt:1)
  7 giant cockroaches
  4 goblins
  7 hobgoblins
  12 jackals
  14 quokkas
  A ball python (D:2)
  2 frilled lizards
  A jackal zombie (D:5)
  20 kobolds
  A leopard gecko skeleton (D:4)
  A leopard gecko zombie (Crypt:1)
  A quokka simulacrum (D:6)
  A quokka zombie (D:9)
  14 rats
  A rat zombie (Crypt:2)
  A bush (Lair:4)
  2 crawling corpses (Elf:1)
  3 plants
  8 tentacles
2625 creatures vanquished.

Vanquished Creatures (collateral kills)
  A sphinx (Vaults:5)
  A fire giant (Depths:3)
  An emperor scorpion (Spider:2)
  4 very ugly things
  A black draconian (Zot:5)
  A red draconian (Zot:4)
  A deep elf death mage (Vaults:4)
  2 ettins
  A fire dragon (Depths:5)
  A yaktaur captain (Vaults:4)
  An ogre mage (Depths:3)
  A sea snake (Shoals:1)
  A wolf spider (Vaults:5)
  A deep elf mage (Vaults:4)
  3 ugly things
  A vault sentinel (Vaults:2)
  A moth of wrath (Spider:4)
23 creatures vanquished.

Vanquished Creatures (others)
  A deep elf master archer (Elf:3)
  A tengu reaver (Vaults:5)
  3 draconian knights
  A vault warden (Vaults:4)
  A draconian stormcaller (Zot:4)
  A very ugly thing (Depths:5)
  A stone giant (Depths:3)
  2 deep elf demonologists (Elf:3)
  An ogre mage (Vaults:4)
  2 yaktaur captains
  4 centaur warriors
  A satyr (Shoals:2)
  7 dancing weapons
  A deep elf knight (Elf:3)
  A wizard (Vaults:1)
  3 deep elf archers
  2 ironbrand convokers (Vaults:4)
  2 deep elf magi
  3 cyclopes
  14 yaktaurs
  2 hornets
  A swamp drake (Depths:5)
  An orc warrior (Orc:1)
  A boggart (Depths:1)
  2 ogres (Vaults:4)
  6 centaurs
  A howler monkey (D:6)
  A shadow imp (D:14)
  A leopard gecko (D:6)
  8 kobolds (Bailey)
  9 plants
  11 tentacles
  4 withered plants (Gauntlet)
100 creatures vanquished.

Grand Total: 2748 creatures vanquished

Notes
Turn   | Place    | Note
-------+----------+-------------------------------------------
     0 | D:1      | bmj180 the Minotaur Fighter began the quest for the Orb.
     0 | D:1      | Reached XP level 1. HP: 19/19 MP: 0/0
    65 | D:1      | Reached XP level 2. HP: 27/27 MP: 1/1
   456 | D:1      | Reached XP level 3. HP: 33/33 MP: 2/2
   804 | D:2      | Reached skill level 1 in Dodging
  1012 | D:2      | Reached XP level 4. HP: 39/40 MP: 3/3
  1432 | D:3      | Noticed Natasha
  1511 | D:3      | Killed Natasha
  1511 | D:3      | Reached XP level 5. HP: 46/46 MP: 4/4
  1549 | D:3      | Noticed Natasha
  1551 | D:3      | Killed Natasha
  1619 | D:3      | Noticed Natasha
  1627 | D:3      | Killed Natasha
  1627 | D:3      | Reached skill level 5 in Polearms
  1662 | D:3      | Noticed Ijyb
  2133 | D:3      | Found a bloodstained altar of Trog.
  2203 | D:3      | HP: 1/46 [acid (12)]
  2205 | D:3      | Killed Ijyb
  2560 | D:4      | Reached XP level 6. HP: 50/52 MP: 5/5
  2612 | D:4      | Reached skill level 5 in Shields
  2656 | D:4      | Found Saerph's Armour Emporium.
  2659 | D:4      | Bought a +0 pair of gloves for 54 gold pieces
  2940 | D:4      | Reached skill level 1 in Evocations
  2940 | D:4      | Reached XP level 7. HP: 58/60 MP: 6/6
  2963 | D:4      | Noticed Grinder
  2983 | D:4      | Killed Grinder
  3386 | D:5      | Entered Level 5 of the Dungeon
  3436 | D:4      | Reached XP level 8. HP: 65/67 MP: 8/8
  3481 | D:5      | Got a jewelled rapier
  3593 | D:4      | Reached skill level 5 in Armour
  4148 | D:6      | Found Bioqait's Gadget Emporium.
  4214 | D:6      | Found a staircase to the Ecumenical Temple.
  4223 | Temple   | Entered the Ecumenical Temple
  4839 | D:6      | Found a white marble altar of Elyvilon.
  5071 | D:6      | Noticed troglodite's ghost (novice DsNe)
  5130 | D:6      | Found a runed translucent gate.
  5130 | D:6      | Found a runed translucent gate.
  5130 | D:6      | Found a runed translucent gate.
  5384 | D:7      | Reached XP level 9. HP: 67/73 MP: 10/10
  5409 | D:7      | Reached skill level 5 in Fighting
  5488 | D:7      | Identified the +3 rapier of Intimidation {holy, Int+3
                  | Dex+4} (You found it on level 5 of the Dungeon)
  5894 | D:7      | Reached skill level 10 in Polearms
  5981 | D:4      | Bought a +2 cloak for 198 gold pieces
  6097 | D:8      | Noticed a two-headed ogre
  6106 | D:7      | Killed a two-headed ogre
  6106 | D:7      | Reached skill level 5 in Dodging
  6175 | D:8      | Paralysed by a hornet for 2 turns
  6615 | D:8      | Paralysed by a hornet for 1 turns
  6629 | D:8      | Reached XP level 10. HP: 53/81 MP: 12/12
  6789 | D:8      | Identified the +5 quarterstaff "Vugon" {drain, rElec Int+4
                  | Dex+4}
  7531 | D:9      | Noticed Harold
  7581 | D:9      | Killed Harold
  8127 | D:9      | Reached skill level 5 in Evocations
  9055 | D:10     | Entered Level 10 of the Dungeon
  9124 | D:10     | Noticed Fannar
  9246 | D:10     | Killed Fannar
  9246 | D:10     | Reached XP level 11. HP: 73/91 MP: 13/13
  9351 | D:10     | Got a bound tin ring
  9363 | D:10     | Identified the ring "Ryvosm" {Wiz rElec rC+ MR++ Str-5}
                  | (You found it on level 10 of the Dungeon)
  9568 | D:10     | Killed an unseen horror
 10594 | D:11     | Noticed a two-headed ogre
 10613 | D:11     | Killed a two-headed ogre
 10613 | D:11     | Reached skill level 10 in Shields
 10653 | D:11     | Noticed Psyche
 10663 | D:11     | Killed Psyche
 10670 | D:11     | Found a staircase to the Lair.
 10676 | D:11     | Noticed a cyan ugly thing
 10705 | D:11     | Killed a cyan ugly thing
 10879 | D:11     | Noticed a green ugly thing
 10879 | D:11     | Noticed a brown ugly thing
 10900 | D:11     | Killed a brown ugly thing
 10919 | D:11     | Killed a brown ugly thing
 11380 | D:11     | Noticed Urug
 11385 | D:11     | Killed Urug
 11431 | D:11     | Found a sparkling altar of Nemelex Xobeh.
 11717 | D:12     | Reached XP level 12. HP: 91/103 MP: 15/15
 12212 | D:12     | Noticed a five-headed hydra
 12220 | D:12     | Killed a five-headed hydra
 12879 | D:12     | Found a roughly hewn altar of Beogh.
 12879 | D:12     | Found a staircase to the Orcish Mines.
 13295 | D:12     | Noticed a two-headed ogre
 13304 | D:12     | Killed a two-headed ogre
 13825 | D:12     | Noticed a two-headed ogre
 13835 | D:12     | Killed a two-headed ogre
 14126 | Lair:1   | Entered Level 1 of the Lair of Beasts
 14294 | Lair:1   | Found a runed translucent door.
 14296 | Lair:1   | Noticed Firil's ghost (journeyman OpFE)
 14299 | Lair:1   | Identified the +6 trident "Rahet" {freeze, *Drain rElec
                  | Str+2 Int+2}
 14333 | Lair:1   | Found a gate leading to a gauntlet.
 14350 | Gauntlet | Entered a Gauntlet
 14350 | Gauntlet | Found a transporter.
 14357 | Gauntlet | Found a transporter.
 14359 | Gauntlet | Found a transporter.
 14368 | Gauntlet | Found a transporter.
 14370 | Gauntlet | Found a transporter.
 14381 | Gauntlet | Found a transporter.
 14395 | Gauntlet | Found a runed translucent door.
 14397 | Gauntlet | Found a transporter.
 14399 | Gauntlet | Found a runed translucent door.
 14405 | Gauntlet | Found a runed translucent door.
 14408 | Gauntlet | Found a transporter.
 14417 | Gauntlet | Found the macabre finger necklace {rN+}
 14417 | Gauntlet | Found a transporter.
 14422 | Gauntlet | Found a transporter.
 14422 | Gauntlet | Found a transporter.
 14443 | Gauntlet | Noticed a two-headed ogre
 14443 | Gauntlet | a glowing orange brain changed into a two-headed ogre
 14448 | Gauntlet | a two-headed ogre changed into an elephant
 14450 | Gauntlet | Found a transporter.
 14450 | Gauntlet | Found a transporter.
 14508 | Gauntlet | Found a transporter.
 14613 | Gauntlet | Reached skill level 15 in Polearms
 14689 | Gauntlet | Noticed an anaconda
 14689 | Gauntlet | a deep troll changed into an anaconda
 14690 | Gauntlet | an anaconda changed into a wolf spider
 14704 | Gauntlet | Noticed a two-headed ogre
 14704 | Gauntlet | a glowing orange brain changed into a two-headed ogre
 14710 | Gauntlet | a two-headed ogre changed into a swamp worm
 14720 | Gauntlet | Noticed an ice dragon
 14765 | Gauntlet | an ice dragon changed into a wolf spider
 14770 | Gauntlet | Got a faintly glowing golden amulet
 14771 | Gauntlet | Identified the amulet of Huowenot {Spirit +Blink Int+4}
                  | (You found it in a Gauntlet)
 14790 | Gauntlet | Noticed a minotaur
 14821 | Gauntlet | Reached skill level 10 in Armour
 14839 | Gauntlet | Killed a minotaur
 14839 | Gauntlet | Reached skill level 10 in Fighting
 14863 | Gauntlet | Got a slimy hand crossbow
 16377 | Lair:2   | Found a staircase to the Shoals.
 16565 | Lair:2   | Found a hole to the Spider Nest.
 16826 | Lair:2   | Identified the +1 leather armour of the Albatross {rPois
                  | Int-5 Dex+5} (You found it on level 2 of the Lair of
                  | Beasts)
 17217 | Lair:2   | Reached XP level 13. HP: 89/114 MP: 16/16
 17489 | Lair:3   | Got a twisted shield
 17496 | Lair:3   | Identified the +5 shield "Qimno" {*Drain rF++ Dex+3 Slay+2}
                  | (You found it on level 3 of the Lair of Beasts)
 17815 | D:12     | Identified the cursed +0 hand crossbow of Tebryn Vowe
                  | {venom, rN+ Str-4 Stlth+} (You found it in a Gauntlet)
 18833 | Lair:4   | Found a snail-covered altar of Cheibriados.
 19911 | Lair:5   | Found the +8 whip "Snakebite" {curare, rPois}
 20878 | D:6      | Killed troglodite's ghost
 20944 | D:6      | Got the ring "Xoitait" {Fire}
 20964 | D:6      | Identified the ring "Xoitait" {Fire rPois MR- Dex+3 SInv}
                  | (You found it on level 6 of the Dungeon)
 21244 | Lair:1   | Killed Firil's ghost
 21659 | Lair:6   | Entered Level 6 of the Lair of Beasts
 21844 | Lair:6   | Found a staircase to the Slime Pits.
 21844 | Lair:6   | Noticed Kirke
 21879 | Lair:6   | Killed Kirke
 22054 | Lair:6   | Found a viscous altar of Jiyva.
 22105 | Lair:6   | Noticed Rupert
 22125 | Lair:6   | Killed Rupert
 22125 | Lair:6   | Reached XP level 14. HP: 79/126 MP: 17/17
 22778 | Lair:6   | Found a large runed translucent door.
 22865 | Lair:6   | Reached skill level 15 in Shields
 22926 | Lair:6   | Found a large runed translucent door.
 23724 | D:4      | Bought the +13 plate armour "Eruraph" {Dex+7} for 1281 gold
                  | pieces
 24900 | D:13     | Found Galigoim's Magic Scroll Shop.
 25355 | D:14     | You fall through a shaft!
 25355 | D:15     | Entered Level 15 of the Dungeon
 25355 | D:15     | Found a staircase to the Depths.
 25837 | D:14     | Found a gate to the Vaults.
 25867 | D:14     | Reached XP level 15. HP: 128/136 MP: 18/18
 25983 | D:14     | HP: 5/135 [poison (dark miasma)]
 26383 | D:14     | Got a scorched golden ring
 26770 | D:15     | Found a shimmering altar of Xom.
 27780 | D:12     | Identified the ring of Vonaet {Wiz Str+2 Dex+4} (You found
                  | it on level 14 of the Dungeon)
 27887 | Orc:1    | Entered Level 1 of the Orcish Mines
 27985 | Orc:1    | Found Ynaokhluq's General Store.
 28033 | Orc:1    | Found a runed translucent door.
 28034 | Orc:1    | Found a shimmering altar of Xom.
 28034 | Orc:1    | Noticed eskel's ghost (journeyman GnWz)
 28203 | Orc:1    | Noticed Josephine
 28215 | Orc:1    | Killed Josephine
 28396 | Orc:1    | Found a flagged portal.
 28423 | Bailey   | Entered a bailey
 28831 | Orc:2    | Entered Level 2 of the Orcish Mines
 29102 | Orc:2    | Found a staircase to the Elven Halls.
 29278 | Orc:2    | Reached XP level 16. HP: 147/147 MP: 19/19
 29304 | Orc:2    | Found Eluaj's Book Boutique.
 29306 | Orc:2    | Found Sewux's Distillery.
 29310 | Orc:2    | Found Ostras's Assorted Antiques.
 29322 | Orc:2    | Found Tycyp's Food Shop.
 29373 | Orc:2    | Found Dottue's Armour Shoppe.
 29595 | Orc:2    | Bought a potion of experience for 700 gold pieces
 29595 | Orc:2    | Reached skill level 10 in Dodging
 29595 | Orc:2    | Reached XP level 17. HP: 154/154 MP: 20/20
 29792 | Orc:1    | Killed eskel's ghost
 29814 | Orc:1    | Became a worshipper of Xom of Chaos
 29977 | Spider:1 | Entered Level 1 of the Spider Nest
 30025 | Spider:1 | XOM: potion effect (brilliance)
 30398 | Spider:1 | XOM: silly message
 30422 | Spider:2 | XOM: potion effect (heal wounds)
 30557 | Spider:2 | XOM: harmless Hex miscast
 30647 | Spider:2 | XOM: potion effect (brilliance)
 30650 | Spider:2 | XOM: enchant monster (good)
 30767 | Spider:2 | XOM: harmless Hex miscast
 30921 | Spider:2 | XOM: harmless Air miscast
 30962 | Spider:3 | Noticed Nikola
 30966 | Spider:3 | Noticed Arachne
 31069 | Spider:3 | XOM: scenery: create altars
 31080 | Spider:3 | XOM: summons 3 friendly demons
 31083 | Spider:3 | XOM: cleaving
 31092 | Spider:3 | XOM: mild Hex miscast
 31096 | Spider:3 | XOM: summons friendly crimson imp
 31212 | Spider:3 | XOM: divination: magic mapping
 31219 | Spider:3 | Reached skill level 15 in Fighting
 31344 | Spider:3 | XOM: 1-stop teleportation journey
 31594 | Spider:3 | Killed Nikola
 31615 | Spider:3 | XOM: confuse monster(s)
 31626 | Spider:3 | Killed Arachne
 31732 | Spider:3 | XOM: mild Hex miscast
 32128 | Spider:3 | XOM: give mutations
 32128 | Spider:3 | Gained mutation: Your spells are a little easier to cast,
                  | but a little less powerful. [Xom's mischief]
 32128 | Spider:3 | Gained mutation: Your body sometimes deteriorates upon
                  | taking damage. [Xom's mischief]
 32128 | Spider:3 | Gained mutation: Your muscles are strong. (Str +2) [Xom's
                  | mischief]
 32128 | Spider:3 | Gained mutation: You are frail. (-10% HP) [Xom's mischief]
 32467 | Spider:2 | XOM: give mutation
 32467 | Spider:2 | Lost mutation: Your muscles are strong. (Str +2) [Xom's
                  | mischief]
 32585 | D:12     | Lost mutation: You are frail. (-10% HP) [potion of
                  | mutation]
 32585 | D:12     | Lost mutation: Your spells are a little easier to cast, but
                  | a little less powerful. [potion of mutation]
 32585 | D:12     | Gained mutation: You are resistant to hostile enchantments.
                  | (MR+) [potion of mutation]
 32585 | D:12     | Gained mutation: Your muscles are strong. (Str +2) [potion
                  | of mutation]
 32652 | Lair:1   | XOM: noise
 32669 | Shoals:1 | XOM: noise
 32669 | Shoals:1 | Entered Level 1 of the Shoals
 32670 | Shoals:1 | Noticed Louise
 32688 | Shoals:1 | Killed Louise
 32689 | Shoals:1 | Found a transporter.
 32754 | Shoals:1 | Noticed Aral's ghost (adept MiBe)
 32778 | Shoals:1 | Found a transporter.
 32871 | Shoals:1 | XOM: enchant monster (good)
 32874 | Shoals:1 | XOM: cast spell 'Summon Small Mammal'
 33028 | Shoals:1 | XOM: summons friendly iron imp
 33189 | Shoals:1 | Noticed Donald
 33197 | Shoals:1 | XOM: cast spell 'Necromutation'
 33203 | Shoals:1 | Killed Donald
 33227 | Shoals:1 | Identified Ferokela's Tome of the Noxious Birds (Xom gifted
                  | it to you on level 1 of the Shoals)
 33227 | Shoals:1 | XOM: god gift: Ferokela's Tome of the Noxious Birds
 33316 | Shoals:1 | XOM: summons 8 hostile demons
 33459 | D:12     | XOM: medium Ice miscast
 33639 | Shoals:2 | Identified the +3 ring mail of Midsummer {rElec Str+2} (You
                  | found it on level 2 of the Shoals)
 33659 | Shoals:2 | XOM: silly message
 33785 | Shoals:2 | XOM: 2-stop teleportation journey
 33796 | Shoals:2 | XOM: medium Air miscast
 33805 | Shoals:2 | Got a faintly glowing cloak
 33816 | Shoals:2 | Identified the +0 cloak of the Evening {-Tele Int+10
                  | Stlth+} (You found it on level 2 of the Shoals)
 33865 | Shoals:2 | XOM: give mutation
 33865 | Shoals:2 | Gained mutation: You occasionally shout uncontrollably at
                  | your foes. [Xom's mischief]
 33875 | Shoals:2 | XOM: severe Pois miscast
 34199 | Shoals:2 | Noticed a kraken
 34224 | Shoals:2 | Killed a kraken
 34362 | Lair:3   | XOM: torment (79/156 hp)
 34743 | Shoals:1 | XOM: swap monsters
 34745 | Shoals:1 | XOM: mild Conj miscast
 34748 | Shoals:1 | Reached XP level 18. HP: 163/163 MP: 21/21
 34755 | Shoals:1 | XOM: swap monsters
 34783 | Shoals:1 | XOM: polymorph snapping turtle -> slime creature
 34810 | Shoals:1 | Killed Aral's ghost
 34821 | Shoals:1 | XOM: polymorph slime creature -> two-headed ogre
 34878 | Shoals:1 | Got a dazzling lajatang
 34882 | Shoals:1 | Got an ancient hat
 34910 | Shoals:1 | Identified the +3 hat of Makhleb's Indignation {rElec rF+}
                  | (You found it on level 1 of the Shoals)
 35185 | Shoals:3 | Got a faintly glowing chain mail
 35186 | Shoals:3 | Identified the +1 chain mail of Liberty {rElec Int+4} (You
                  | found it on level 3 of the Shoals)
 35302 | Shoals:3 | XOM: fake destruction
 35339 | Shoals:3 | Identified the +4 lajatang of the Endless Expanse {freeze,
                  | rElec Int+4} (You found it on level 1 of the Shoals)
 35460 | Shoals:3 | XOM: swap monsters
 35622 | Shoals:3 | XOM: medium Tmut miscast
 36039 | Spider:1 | XOM: summons 3 hostile demons
 36040 | Spider:1 | XOM: give mutations
 36040 | Spider:1 | Gained mutation: Your movements are slightly less
                  | encumbered by armour. (ER -2) [Xom's grace]
 36040 | Spider:1 | Gained mutation: Your flesh is cold resistant. (rC+) [Xom's
                  | grace]
 36058 | Spider:2 | XOM: give mutation
 36058 | Spider:2 | Gained mutation: You have a somewhat thin skeletal
                  | structure. (Dex +2, Stealth) [Xom's grace]
 36086 | Spider:4 | Entered Level 4 of the Spider Nest
 36088 | Spider:4 | XOM: god gift: ring of ice {god gift}
 36292 | Spider:4 | Identified the cursed +1 scale mail of Trog's Delight
                  | {rPois Str-4 Dex+8} (You found it on level 4 of the Spider
                  | Nest)
 36350 | Spider:4 | XOM: 2-stop teleportation journey
 36397 | Spider:4 | XOM: god gift: faintly humming ring mail {god gift}
 36398 | Spider:4 | Got a faintly humming ring mail {god gift}
 36435 | Spider:4 | XOM: summons 3 friendly demons
 36494 | Spider:4 | XOM: silly message
 36509 | Spider:4 | Identified the +0 ring mail "Osteirch" {rPois rF+ Str+2}
                  | (Xom gifted it to you on level 4 of the Spider Nest)
 36644 | Spider:4 | XOM: polymorph wolf spider -> shapeshifter
 36765 | Spider:4 | XOM: enchant monster (bad)
 36786 | Spider:4 | XOM: noise
 36803 | Spider:4 | XOM: cast spell 'Summon Ice Beast'
 36812 | Spider:4 | XOM: noise
 36813 | Spider:4 | XOM: summons friendly ufetubus
 36822 | Spider:4 | XOM: polymorph tarantella -> queen bee
 36862 | Spider:4 | XOM: give mutations
 36862 | Spider:4 | Gained mutation: You possess an exceptional clarity of
                  | mind. [Xom's grace]
 36862 | Spider:4 | Gained mutation: You are partially covered in slimy green
                  | scales. (AC +2) [Xom's grace]
 36862 | Spider:4 | Gained mutation: You have supernaturally acute eyesight.
                  | (SInv) [Xom's grace]
 37071 | Spider:4 | XOM: polymorph moth of wrath -> fire crab
 37225 | Spider:4 | XOM: summons 2 friendly demons
 37235 | Spider:4 | XOM: summons friendly shadow imp
 37274 | Spider:4 | Got a gossamer rune of Zot
 37335 | Spider:4 | XOM: harmless Tmut miscast
 37820 | Shoals:4 | Entered Level 4 of the Shoals
 37821 | Shoals:4 | XOM: summons friendly shadow imp
 37987 | Shoals:4 | XOM: cast spell 'Dispersal'
 38031 | Shoals:4 | XOM: polymorph merfolk impaler -> glowing shapeshifter
 38053 | Shoals:4 | XOM: potion effect (curing)
 38062 | Shoals:4 | XOM: scenery: create altars
 38136 | Shoals:4 | Identified the +6 battleaxe of Umaint {drain, rN+ Str+6
                  | Stlth+} (You found it on level 4 of the Shoals)
 38152 | Shoals:4 | Found Viwn's Gadget Emporium.
 38152 | Shoals:4 | XOM: 8-stop teleportation journey
 38241 | Shoals:4 | XOM: fog
 38339 | Shoals:4 | XOM: god gift: potion of lignification
 38456 | Shoals:4 | XOM: cleaving
 38467 | Shoals:4 | XOM: scenery: create altars
 38468 | Shoals:4 | XOM: polymorph snapping turtle -> eye of devastation
 38473 | Shoals:4 | XOM: fog
 38491 | Shoals:4 | XOM: summons friendly shadow imp
 38502 | Shoals:4 | XOM: scenery: create altars
 38516 | Shoals:4 | XOM: polymorph shadow imp -> crimson imp
 38550 | Shoals:4 | XOM: enchant monster (good)
 38812 | Shoals:4 | Got a barnacled rune of Zot
 38816 | Shoals:4 | XOM: give mutations
 38816 | Shoals:4 | Gained mutation: You are somewhat resistant to further
                  | mutation. [Xom's grace]
 38816 | Shoals:4 | Gained mutation: You are covered in fur. (AC +1) [Xom's
                  | grace]
 38816 | Shoals:4 | Gained mutation: You are robust. (+10% HP) [Xom's grace]
 38863 | Shoals:4 | XOM: destruction
 38952 | Shoals:4 | Reached XP level 19. HP: 182/191 MP: 22/22
 38957 | Shoals:4 | XOM: confuse monster(s)
 39016 | Shoals:4 | Identified the Guide on Air and Stolen Souls
 39056 | Shoals:4 | XOM: scenery: create altars
 39217 | Shoals:4 | XOM: scenery: create altars
 39504 | Elf:1    | Entered Level 1 of the Elven Halls
 39640 | Elf:1    | XOM: cast spell 'Chain of Chaos'
 39917 | Elf:1    | Found a runed translucent door.
 39918 | Elf:1    | Noticed totalnoob's ghost (adept SpEn)
 39942 | Elf:1    | XOM: god gift: ancient wooden ring {god gift}
 39943 | Elf:1    | Got an ancient wooden ring {god gift}
 39945 | Elf:1    | Identified the ring of Miotecel {MP+9 Slay+4} (Xom gifted
                  | it to you on level 1 of the Elven Halls)
 39946 | Elf:1    | XOM: 2-stop teleportation journey
 40047 | Elf:1    | XOM: cleaving
 40151 | Elf:1    | XOM: summons friendly shadow imp
 40163 | Elf:1    | XOM: fog
 40507 | Elf:1    | XOM: swap monsters
 40635 | Elf:1    | XOM: medium Fire miscast
 40788 | Elf:1    | Killed totalnoob's ghost
 40933 | D:13     | Bought a scroll of identify for 26 gold pieces
 40941 | D:13     | Bought a scroll of enchant weapon for 97 gold pieces
 40944 | D:13     | Bought a scroll of enchant armour for 97 gold pieces
 40944 | D:13     | Bought a scroll of enchant armour for 97 gold pieces
 40944 | D:13     | Bought a scroll of identify for 26 gold pieces
 40944 | D:13     | Bought a scroll of identify for 26 gold pieces
 40944 | D:13     | Bought 2 scrolls of identify for 52 gold pieces
 40944 | D:13     | Bought a scroll of blinking for 97 gold pieces
 40944 | D:13     | Bought a scroll of teleportation for 39 gold pieces
 41027 | Orc:2    | Bought a scroll of identify for 52 gold pieces
 41027 | Orc:2    | Bought a scroll of identify for 52 gold pieces
 41027 | Orc:2    | Bought a scroll of identify for 52 gold pieces
 41345 | Elf:2    | Found Okkeun's Assorted Antiques.
 41346 | Elf:2    | XOM: repel stairs
 41352 | Elf:2    | XOM: chaos upgrade
 41354 | Elf:2    | XOM: mild Tmut miscast
 41357 | Elf:2    | XOM: 1-stop teleportation journey
 41368 | Elf:2    | XOM: draining
 41372 | Elf:2    | XOM: cleaving
 41373 | Elf:2    | XOM: noise
 41560 | Elf:2    | XOM: blink monster(s)
 41573 | Elf:2    | XOM: confuse monster(s)
 41668 | Elf:2    | Found a large runed translucent door.
 41668 | Elf:2    | Found a large runed translucent door.
 41710 | Elf:2    | Found a large runed translucent door.
 41710 | Elf:2    | Found a large runed translucent door.
 41914 | Elf:2    | XOM: enchant monster (bad)
 42192 | Elf:2    | XOM: enchant monster (bad)
 42207 | Elf:2    | XOM: swap monsters
 42291 | Elf:2    | XOM: give mutations
 42291 | Elf:2    | Lost mutation: You are resistant to hostile enchantments.
                  | (MR+) [Xom's mischief]
 42291 | Elf:2    | Lost mutation: Your flesh is cold resistant. (rC+) [Xom's
                  | mischief]
 42357 | Elf:3    | Entered Level 3 of the Elven Halls
 42463 | Elf:3    | XOM: medium Necr miscast
 42511 | Elf:3    | XOM: enchant monster (bad)
 42529 | Elf:3    | Found the +5 demon whip "Spellbinder" {antimagic, MR+}
 42529 | Elf:3    | XOM: 5-stop teleportation journey
 42537 | Elf:3    | XOM: 2-stop teleportation journey
 42622 | Elf:3    | XOM: medium Chrm miscast
 42734 | Elf:3    | XOM: noise
 42782 | Elf:3    | XOM: summons 4 hostile demons
 43239 | Elf:3    | Reached XP level 20. HP: 203/203 MP: 23/23
 43280 | Elf:3    | XOM: chaos cloud
 43440 | Elf:3    | XOM: harmless Necr miscast
 43484 | Elf:3    | XOM: swap monsters
 43661 | Elf:2    | XOM: scenery: 1 doors close
 43749 | Elf:3    | XOM: scenery: create altars
 43768 | Elf:3    | XOM: harmless Fire miscast
 43843 | Elf:3    | XOM: mild Tmut miscast
 44118 | Elf:3    | XOM: polymorph deep elf master archer -> fire giant
 44248 | Elf:3    | XOM: summons 4 hostile demons
 44331 | Elf:3    | XOM: divine lightning
 44368 | Elf:3    | XOM: destruction
 44419 | Elf:2    | XOM: give mutations
 44419 | Elf:2    | Gained mutation: Your muscles are very strong. (Str +4)
                  | [Xom's grace]
 44419 | Elf:2    | Gained mutation: You have a pair of large horns on your
                  | head. [Xom's grace]
 44419 | Elf:2    | Gained mutation: You are very robust. (+20% HP) [Xom's
                  | grace]
 44419 | Elf:2    | Gained mutation: You have large cloven feet. [Xom's grace]
 44420 | Elf:2    | Lost mutation: You are very robust. (+20% HP) [potion of
                  | mutation]
 44420 | Elf:2    | Lost mutation: You possess an exceptional clarity of mind.
                  | [potion of mutation]
 44420 | Elf:2    | Lost mutation: Your movements are slightly less encumbered
                  | by armour. (ER -2) [potion of mutation]
 44420 | Elf:2    | Lost mutation: You are partially covered in slimy green
                  | scales. (AC +2) [potion of mutation]
 44420 | Elf:2    | Lost mutation: You are somewhat resistant to further
                  | mutation. [potion of mutation]
 44420 | Elf:2    | Gained mutation: You are partially covered in yellow
                  | scales. (AC +2) [potion of mutation]
 44421 | Elf:2    | Lost mutation: You have supernaturally acute eyesight.
                  | (SInv) [potion of mutation]
 44421 | Elf:2    | Lost mutation: You have large cloven feet. [potion of
                  | mutation]
 44421 | Elf:2    | Lost mutation: You are covered in fur. (AC +1) [potion of
                  | mutation]
 44421 | Elf:2    | Gained mutation: You are partially covered in slimy green
                  | scales. (AC +2) [potion of mutation]
 44421 | Elf:2    | Gained mutation: You have sharp toenails. [potion of
                  | mutation]
 44422 | Elf:2    | Lost mutation: You occasionally shout uncontrollably at
                  | your foes. [potion of mutation]
 44422 | Elf:2    | Lost mutation: Your body sometimes deteriorates upon taking
                  | damage. [potion of mutation]
 44422 | Elf:2    | Gained mutation: Your spells are a little harder to cast,
                  | but a little more powerful. [potion of mutation]
 44422 | Elf:2    | Lost mutation: You have sharp toenails. [potion of
                  | mutation]
 44422 | Elf:2    | Gained mutation: Your mind is acute. (Int +2) [potion of
                  | mutation]
 44452 | Elf:2    | XOM: god gift: steaming ring mail {god gift}
 44453 | Elf:2    | Got a steaming ring mail {god gift}
 44454 | Elf:2    | Identified the +0 ring mail of the Hippo {rPois Str+4 Dex-2
                  | SInv} (Xom gifted it to you on level 2 of the Elven Halls)
 44618 | Elf:3    | XOM: polymorph deep elf elementalist -> something unseen
 44860 | Elf:3    | Got a twitching brass ring
 44911 | Elf:3    | Got a scintillating copper ring
 44949 | Elf:3    | Identified the ring "Ganuk" {Wiz rF+ MR+} (You found it on
                  | level 3 of the Elven Halls)
 44955 | Elf:3    | Identified the cursed ring "Acuem" {rC++ MP-9 Str-2 Int+3
                  | Slay+2} (You found it on level 3 of the Elven Halls)
 44971 | Elf:3    | Got a pitted copper ring
 44973 | Elf:3    | Identified the cursed ring "Soteusez" {-Tele rF+ Int-5
                  | Dex+6} (You found it on level 3 of the Elven Halls)
 45011 | Elf:3    | Identified the cursed +1 flail of the Globe {drain, rPois}
                  | (You found it on level 3 of the Elven Halls)
 45444 | D:12     | XOM: scenery: 2 doors open, 1 doors close
 45548 | Vaults:1 | Entered Level 1 of the Vaults
 45559 | Vaults:1 | Reached skill level 15 in Dodging
 45607 | Vaults:1 | XOM: blink monster(s)
 45737 | Vaults:1 | Found a flickering gateway to a bazaar.
 45754 | Bazaar   | Entered a bazaar
 45755 | Bazaar   | Found Uklal's Book Shoppe.
 45764 | Bazaar   | Found Luydghej's Book Boutique.
 45764 | Bazaar   | Found Ymici's Book Boutique.
 45788 | Bazaar   | Found Zex Xal's Antique Armour Emporium.
 45828 | Bazaar   | Bought a manual of Armour for 1324 gold pieces
 46071 | Vaults:1 | Reached skill level 15 in Armour
 46073 | Vaults:1 | XOM: cloud trail
 46174 | Vaults:1 | XOM: silly message
 46196 | Vaults:1 | XOM: divination: detect creatures
 46207 | Vaults:1 | XOM: polymorph ogre mage -> dream sheep
 46224 | Vaults:1 | XOM: cast spell 'Metabolic Englaciation'
 46225 | Vaults:1 | XOM: summons friendly iron imp
 46227 | Vaults:1 | Identified the cursed +0 morningstar of the Penguin {crush,
                  | Dex+7}
 46256 | Vaults:1 | XOM: cast spell 'Statue Form'
 46283 | Vaults:1 | HP: 7/207 [something/bolt of poison[an ironheart preserver]
                  | (39)]
 46284 | Vaults:1 | XOM: harmless Air miscast
 46926 | Vaults:1 | XOM: polymorph brown ugly thing -> red ugly thing
 47642 | D:12     | XOM: 1-stop teleportation journey
 47857 | Vaults:2 | Noticed Boris
 47860 | Vaults:2 | XOM: polymorph yaktaur -> fire crab
 47876 | Vaults:2 | XOM: smoke on damage
 47887 | Vaults:2 | Killed Boris
 47967 | Vaults:2 | XOM: cleaving
 47972 | Vaults:2 | Reached XP level 21. HP: 214/214 MP: 24/24
 48105 | Vaults:2 | XOM: enchant monster (good)
 48116 | Vaults:2 | XOM: fog
 48328 | Vaults:2 | Found a staircase to the Crypt.
 48330 | Vaults:2 | XOM: noise
 48435 | Vaults:2 | XOM: mild Air miscast
 48668 | Vaults:2 | XOM: divination: magic mapping
 48766 | Vaults:2 | You fall through a shaft!
 48771 | Vaults:3 | XOM: cast spell 'Leda's Liquefaction'
 48795 | Vaults:3 | XOM: fake destruction
 48860 | Vaults:2 | XOM: divination: magic mapping
 48861 | Vaults:2 | XOM: noise
 48873 | Vaults:2 | XOM: noise
 48908 | Vaults:2 | XOM: give mutations
 48908 | Vaults:2 | Gained mutation: You evolve. [Xom's grace]
 48908 | Vaults:2 | Gained mutation: Your mind is very acute. (Int +4) [Xom's
                  | grace]
 48908 | Vaults:2 | Gained mutation: Your spells are harder to cast, but more
                  | powerful. [Xom's grace]
 48908 | Vaults:2 | Gained mutation: You passively map a small area around you.
                  | [Xom's grace]
 49253 | Vaults:3 | XOM: 1-stop teleportation journey
 49261 | Vaults:3 | Found Uwkeel's Weapon Shop.
 49279 | Vaults:3 | XOM: god gift: potion of mutation
 49290 | Vaults:3 | Found a magical portal.
 49336 | WizLab   | Entered The Hall of the Hellbinder
 49367 | WizLab   | Gained mutation: Your spells are much harder to cast, but
                  | much more powerful. [evolution]
 49376 | WizLab   | XOM: harmless Tmut miscast
 49402 | WizLab   | XOM: potion effect (agility)
 49799 | WizLab   | Noticed Qujih
 49837 | WizLab   | Killed Qujih the Hellbinder
 50074 | WizLab   | Found a burning altar of Makhleb.
 50088 | WizLab   | XOM: cloud trail
 50095 | WizLab   | Identified the Incunabulum of Slavery
 50145 | WizLab   | Got a faintly glowing jade ring
 50151 | WizLab   | Identified the ring "Culetack" {rF+ Str+5} (You found it in
                  | a wizard's laboratory)
 50161 | WizLab   | Got a warped jade ring
 50163 | WizLab   | Identified the ring of Cuosyibakk {+Fly rF+ MR+ Int+3} (You
                  | found it in a wizard's laboratory)
 50384 | D:13     | XOM: harmless Hex miscast
 50603 | Vaults:3 | Noticed Frederick
 50614 | Vaults:3 | Killed Frederick
 50666 | Vaults:3 | XOM: potion effect (curing)
 50669 | Vaults:3 | XOM: divination: magic mapping
 50682 | Vaults:3 | XOM: divination: detect items
 50695 | Vaults:3 | Paralysed by a floating eye for 2 turns
 50943 | Vaults:2 | XOM: harmless Pois miscast
 50986 | Vaults:3 | XOM: cast spell 'Summon Ice Beast'
 50994 | Vaults:3 | XOM: enchant monster (bad)
 51643 | Vaults:3 | XOM: scenery: 1 doors close
 51964 | Vaults:4 | XOM: give mutations
 51964 | Vaults:4 | Gained mutation: You have sharp toenails. [Xom's grace]
 51964 | Vaults:4 | Lost mutation: You evolve. [Xom's grace]
 51964 | Vaults:4 | Gained mutation: You are somewhat resistant to further
                  | mutation. [Xom's grace]
 51987 | Vaults:4 | XOM: god gift: ration
 52012 | Vaults:4 | XOM: summons 16 friendly demons
 52017 | Vaults:4 | Reached XP level 22. HP: 200/226 MP: 25/25
 52026 | Vaults:4 | XOM: summons 10 friendly demons
 52036 | Vaults:4 | XOM: potion effect (invisibility)
 52121 | Vaults:4 | XOM: divine lightning
 52263 | Vaults:4 | XOM: cast spell 'Summon Hydra'
 52276 | Vaults:4 | XOM: potion effect (curing)
 52525 | Vaults:4 | XOM: 5-stop teleportation journey
 52539 | Vaults:4 | XOM: god gift: lamp of fire
 52542 | Vaults:4 | XOM: divine lightning
 52563 | Vaults:4 | XOM: chaos upgrade
 52570 | Vaults:4 | XOM: divine lightning
 52572 | Vaults:4 | XOM: summons 2 friendly demons
 52662 | Vaults:4 | Noticed Boris
 52679 | Vaults:4 | Killed Boris
 53974 | Shoals:2 | XOM: god gift: 49 gold pieces
 54239 | Depths:1 | Entered Level 1 of the Depths
 54251 | Depths:1 | XOM: medium Summ miscast
 54258 | Depths:1 | XOM: harmless Air miscast
 54262 | Depths:1 | XOM: divination: detect creatures
 54303 | Depths:1 | XOM: blink monster(s)
 54305 | Depths:1 | XOM: destruction
 54315 | Depths:1 | XOM: blink monster(s)
 54360 | Depths:1 | Noticed Saint Roka
 54371 | Depths:1 | XOM: scenery: create altars
 54379 | Depths:1 | Killed Saint Roka
 54430 | Depths:1 | Found Maepoewu's Gadget Shoppe.
 54430 | Depths:1 | Found Buatwiz's Jewellery Shop.
 54431 | Depths:1 | Found Kupaodoh's Gadget Shoppe.
 54673 | Depths:1 | XOM: scenery: create altars
 54743 | Depths:1 | XOM: god gift: 57 gold pieces
 54887 | Depths:1 | Found a gateway to Hell.
 54944 | Depths:1 | XOM: summons 1 friendly demon
 54971 | Depths:1 | XOM: confuse monster(s)
 55112 | Depths:1 | XOM: summons friendly iron imp
 55169 | Depths:1 | XOM: cast spell 'Summon Butterflies'
 55180 | Depths:1 | Identified the +1 faerie dragon scales {rCorr Str+2 Int+3}
 55180 | Depths:1 | Noticed the Enchantress
 55182 | Depths:1 | XOM: summons 2 friendly demons
 55188 | Depths:1 | XOM: cast spell 'Summon Horrible Things'
 55190 | Depths:1 | XOM: enchant monster (good)
 55207 | Depths:1 | XOM: polymorph iron imp -> crimson imp
 55211 | Depths:1 | Killed the Enchantress
 55711 | Depths:1 | Found a one-way gate leading to the halls of Pandemonium.
 55715 | Depths:1 | XOM: divination: magic mapping
 55903 | Depths:1 | Found a one-way gate to the infinite horrors of the Abyss.
 55914 | Depths:1 | XOM: polymorph kobold demonologist -> black mamba
 55959 | Depths:2 | Noticed a golden dragon
 55996 | Depths:1 | XOM: harmless Chrm miscast
 56006 | Depths:2 | Found a gateway to a ziggurat.
 56035 | Depths:2 | Reached XP level 23. HP: 230/236 MP: 26/26
 56197 | Depths:2 | Noticed a caustic shrike
 56197 | Depths:2 | a fire giant changed into a caustic shrike
 56197 | Depths:2 | XOM: polymorph fire giant -> caustic shrike
 56209 | Depths:2 | Killed a caustic shrike
 56340 | Depths:2 | XOM: torment (120/237 hp)
 56344 | Depths:2 | XOM: enchant monster (bad)
 56356 | Depths:2 | XOM: confusion
 56515 | Depths:2 | XOM: give mutations
 56515 | Depths:2 | Lost mutation: You have a pair of large horns on your head.
                  | [Xom's mischief]
 56515 | Depths:2 | Lost mutation: You are partially covered in yellow scales.
                  | (AC +2) [Xom's mischief]
 56515 | Depths:2 | Lost mutation: Your spells are much harder to cast, but
                  | much more powerful. [Xom's mischief]
 56531 | Depths:2 | Noticed Boris
 56552 | Depths:2 | Killed Boris
 56567 | Depths:2 | XOM: god gift: 8 arrows
 56754 | Depths:2 | XOM: fog
 56889 | Depths:2 | XOM: divination: detect items
 56896 | Depths:2 | XOM: polymorph shock serpent -> glowing shapeshifter
 56898 | Depths:2 | XOM: divine lightning
 56904 | Depths:2 | XOM: cleaving
 56921 | Depths:2 | XOM: polymorph stone giant -> quicksilver dragon
 56923 | Depths:2 | XOM: scenery: create altars
 56926 | Depths:2 | XOM: scenery: create altars
 56927 | Depths:2 | XOM: polymorph quicksilver dragon -> azure jelly
 56945 | Depths:2 | XOM: polymorph two-headed ogre -> snapping turtle
 56967 | Depths:2 | Noticed a juggernaut
 56974 | Depths:2 | Noticed a juggernaut
 56977 | Depths:2 | XOM: torment (120/238 hp)
 56986 | Depths:2 | Killed a juggernaut
 56992 | Depths:2 | Killed a juggernaut
 57340 | Depths:2 | XOM: noise
 57390 | Depths:2 | XOM: smoke on damage
 57397 | Depths:2 | XOM: polymorph frost giant -> fire giant
 57410 | Depths:2 | XOM: god gift: scroll of noise
 57428 | Depths:2 | XOM: polymorph ettin -> spark wasp
 57475 | Depths:2 | XOM: polymorph cyan very ugly thing -> purple very ugly
                  | thing
 57646 | Depths:2 | XOM: fog
 57652 | Depths:2 | XOM: summons 2 friendly demons
 57658 | Depths:2 | XOM: 4-stop teleportation journey
 57708 | Depths:2 | Got a smoking demon trident
 57728 | Depths:2 | XOM: destruction
 57743 | Depths:2 | Identified the +7 demon trident of Mandamus {flame, rPois
                  | rC+ Dex+4 Stlth-} (You found it on level 2 of the Depths)
 57817 | Depths:2 | XOM: scenery: 1 doors open, 2 doors close
 57868 | Depths:2 | XOM: summons 2 friendly demons
 57877 | Depths:2 | XOM: summons friendly ufetubus
 57953 | Depths:2 | XOM: give mutations
 57953 | Depths:2 | Lost mutation: You have a somewhat thin skeletal structure.
                  | (Dex +2, Stealth) [Xom's mischief]
 57953 | Depths:2 | Gained mutation: You are partially covered in yellow
                  | scales. (AC +2) [Xom's mischief]
 58100 | Depths:2 | Identified the +2 ring mail of the Turtle {-Tele Regen+
                  | Dex+4} (You found it on level 2 of the Depths)
 58163 | Depths:2 | XOM: god gift: 21 stones
 58207 | Depths:2 | Found a portal to a secret trove of treasure.
 58667 | Trove    | Entered a treasure trove
 58675 | Trove    | Found the +15 Maxwell's patent armour {-Cast -Tele rElec
                  | MR+ rCorr}
 58755 | Trove    | Got a spiked crystal plate armour
 58806 | Trove    | Identified the +0 leather armour of Lah Utyn {rElec SInv}
                  | (You found it in a treasure trove)
 58816 | Trove    | Got a pair of scorched boots
 58822 | Trove    | Identified the +0 pair of boots of the Valley {rF+ MR+
                  | Str+2 Stlth+} (You found it in a treasure trove)
 59032 | D:12     | Identified the cursed +0 crystal plate armour of Sif Muna's
                  | Hope {rC++ Regen+ Int-4 Slay+2} (You found it in a treasure
                  | trove)
 59180 | Depths:1 | XOM: mild Hex miscast
 59316 | Depths:3 | Reached XP level 24. HP: 248/248 MP: 26/26
 59398 | Depths:3 | XOM: medium Conj miscast
 59435 | Depths:3 | XOM: cloud trail
 59490 | Depths:3 | XOM: summons 15 friendly demons
 59495 | Depths:3 | XOM: polymorph quasit -> crimson imp
 59512 | Depths:3 | XOM: cast spell 'Statue Form'
 59539 | Depths:3 | XOM: cast spell 'Metabolic Englaciation'
 59744 | Depths:3 | Noticed Jory
 59750 | Depths:3 | XOM: confusion
 59762 | Depths:3 | XOM: swap monsters
 59778 | Depths:3 | Killed Jory
 59972 | Depths:3 | XOM: confuse monster(s)
 60350 | Depths:3 | XOM: confuse monster(s)
 60386 | Depths:3 | Noticed a juggernaut
 60409 | Depths:3 | XOM: summons 2 friendly demons
 60410 | Depths:3 | XOM: enchant monster (good)
 60411 | Depths:3 | Killed a juggernaut
 60461 | Depths:3 | XOM: god gift: 23 stones
 60465 | Depths:3 | XOM: enchant monster (good)
 60477 | Depths:3 | XOM: confusion
 60721 | Depths:3 | XOM: scenery: create altars
 60759 | Depths:3 | XOM: god gift: leather armour {god gift}
 61038 | Depths:4 | XOM: blink monster(s)
 61045 | Depths:4 | XOM: polymorph purple very ugly thing -> white very ugly
                  | thing
 61104 | Depths:4 | XOM: noise
 61145 | Depths:4 | XOM: mild Ice miscast
 61380 | Depths:4 | XOM: harmless Summ miscast
 61566 | Depths:4 | XOM: harmless Summ miscast
 61589 | Depths:4 | XOM: harmless Conj miscast
 61615 | Depths:4 | XOM: noise
 61619 | Depths:4 | Noticed a juggernaut
 61631 | Depths:4 | Killed a juggernaut
 61631 | Depths:4 | Reached XP level 25. HP: 260/260 MP: 26/26
 61827 | Depths:4 | XOM: give mutation
 61827 | Depths:4 | Gained mutation: You have razor-sharp toenails. [Xom's
                  | grace]
 61838 | Depths:4 | XOM: silly message
 61884 | Depths:4 | XOM: enchant monster (good)
 61933 | Depths:4 | XOM: give mutations
 61933 | Depths:4 | Lost mutation: You passively map a small area around you.
                  | [Xom's mischief]
 61933 | Depths:4 | Lost mutation: Your muscles are very strong. (Str +4)
                  | [Xom's mischief]
 62529 | Depths:2 | XOM: harmless Pois miscast
 62657 | Vaults:1 | Identified the +1 chain mail "Kakluh" {rElec rN+ MP+9} (You
                  | found it on level 1 of the Vaults)
 62773 | D:13     | XOM: medium Fire miscast
 62987 | Depths:2 | XOM: mild Ice miscast
 63045 | Depths:5 | Entered Level 5 of the Depths
 63085 | Depths:5 | XOM: divination: detect items
 63109 | Depths:5 | XOM: potion effect (brilliance)
 63136 | Depths:5 | XOM: 1-stop teleportation journey
 63166 | Depths:5 | XOM: summons 4 hostile shadow creatures
 63268 | Depths:5 | Reached skill level 27 in Shields
 63624 | Depths:5 | XOM: give mutations
 63624 | Depths:5 | Gained mutation: Your skin changes colour to match your
                  | surroundings (Stealth+). [Xom's mischief]
 63624 | Depths:5 | Lost mutation: Your mind is very acute. (Int +4) [Xom's
                  | mischief]
 63624 | Depths:5 | Lost mutation: Your skin changes colour to match your
                  | surroundings (Stealth+). [Xom's mischief]
 63624 | Depths:5 | Lost mutation: Your muscles are strong. (Str +2) [Xom's
                  | mischief]
 64026 | Depths:5 | XOM: confusion
 64034 | Depths:5 | XOM: swap monsters
 64074 | Depths:5 | XOM: 1-stop teleportation journey
 64086 | Depths:5 | XOM: destruction
 64087 | Depths:5 | XOM: god gift: ration
 64101 | Depths:5 | XOM: scenery: create altars
 64105 | Depths:5 | XOM: enchant monster (good)
 64115 | Depths:5 | XOM: cast spell 'Discord'
 64116 | Depths:5 | XOM: smoke on damage
 64134 | Depths:5 | XOM: smoke on damage
 64203 | Depths:5 | XOM: cleaving
 64351 | Depths:5 | XOM: scenery: create altars
 64526 | Depths:5 | XOM: 6-stop teleportation journey
 64661 | Depths:5 | XOM: potion effect (brilliance)
 64709 | Depths:5 | XOM: give mutation
 64709 | Depths:5 | Gained mutation: You have claws for feet. [Xom's grace]
 64993 | Depths:5 | XOM: summons 1 hostile shadow creature
 65109 | Depths:5 | Found a gate to the Realm of Zot.
 65188 | Depths:5 | XOM: fog
 65331 | Depths:5 | XOM: give mutations
 65331 | Depths:5 | Gained mutation: Scrolls take you a little longer to read.
                  | [Xom's mischief]
 65331 | Depths:5 | Lost mutation: You are partially covered in yellow scales.
                  | (AC +2) [Xom's mischief]
 65367 | Depths:5 | XOM: god gift: runed scale mail {god gift}
 65389 | Depths:5 | XOM: fog
 65636 | D:12     | XOM: divination: detect items
 65876 | Vaults:5 | Entered Level 5 of the Vaults
 65878 | Vaults:5 | XOM: fog
 65886 | Vaults:5 | XOM: chaos cloud
 65890 | Vaults:5 | XOM: potion effect (brilliance)
 65903 | Vaults:5 | Paralysed by you for 2 turns
 65905 | Vaults:5 | XOM: summons friendly shadow imp
 65913 | Vaults:5 | XOM: summons 3 friendly demons
 65925 | Vaults:5 | XOM: summons friendly quasit
 65944 | Vaults:5 | XOM: harmless Fire miscast
 65986 | Vaults:5 | XOM: divination: detect items
 65995 | Vaults:5 | XOM: divination: detect creatures
 66002 | Vaults:5 | Reached XP level 26. HP: 117/272 MP: 22/27
 66021 | Vaults:5 | XOM: harmless Erth miscast
 66028 | Vaults:5 | XOM: swap monsters
 66364 | Vaults:5 | XOM: harmless Tmut miscast
 66453 | Vaults:5 | XOM: enchant monster (good)
 66486 | Vaults:5 | Identified the +1 leather armour of Hail Hau {rElec rC-
                  | Str+4}
 66487 | Vaults:5 | Found the +7 Kryia's mail coat {PotionHeal*2 rC+}
 66525 | Vaults:5 | Found the cursed necklace of Bloodlust {*Rage +Rage MR++
                  | Int-3 Slay+6 *Curse}
 66547 | Vaults:5 | Identified the Guide on Creative Battle Magic
 66551 | Vaults:5 | Identified the Reference Book on Cold and Intoxication
 66556 | Vaults:5 | Identified the +3 chain mail of the Inquisitive Suns
                  | {+Blink} (You found it on level 5 of the Vaults)
 66565 | Vaults:5 | Got a crude silver ring
 66567 | Vaults:5 | Identified the ring "Jucsiaz" {+Inv AC+4} (You found it on
                  | level 5 of the Vaults)
 66601 | Vaults:5 | XOM: 1-stop teleportation journey
 66612 | Vaults:5 | Noticed an ancient lich
 66614 | Vaults:5 | XOM: potion effect (brilliance)
 66624 | Vaults:5 | Killed an ancient lich
 66627 | Vaults:5 | XOM: fog
 66661 | Vaults:5 | XOM: 1-stop teleportation journey
 66701 | Vaults:5 | XOM: cleaving
 66737 | Vaults:5 | XOM: summons friendly crimson imp
 66753 | Vaults:5 | XOM: summons friendly crimson imp
 66843 | Vaults:5 | XOM: enchant monster (good)
 66854 | Vaults:5 | XOM: summons 3 friendly demons
 66897 | Vaults:5 | Identified the amulet "Unliorut" {RegenMP Int+4 Slay+3}
 66904 | Vaults:5 | XOM: summons 15 friendly demons
 66913 | Vaults:5 | XOM: 3-stop teleportation journey
 66924 | Vaults:5 | XOM: cast spell 'Summon Butterflies'
 67261 | Vaults:5 | XOM: give mutations
 67261 | Vaults:5 | Gained mutation: Your flesh is cold resistant. (rC+) [Xom's
                  | grace]
 67261 | Vaults:5 | Gained mutation: Your flesh is very cold resistant. (rC++)
                  | [Xom's grace]
 67261 | Vaults:5 | Gained mutation: Your flesh is almost immune to the effects
                  | of cold. (rC+++) [Xom's grace]
 67362 | Vaults:5 | XOM: fog
 67386 | Vaults:5 | XOM: summons 2 friendly demons
 67587 | Vaults:5 | Got a silver rune of Zot
 67611 | Vaults:5 | Identified the +8 chain mail "Higeehapp" {*Slow rC+ Int+7}
                  | (You found it on level 5 of the Vaults)
 67746 | Vaults:5 | XOM: god gift: 22 bolts
 67871 | Vaults:5 | XOM: give mutations
 67871 | Vaults:5 | Lost mutation: Your spells are harder to cast, but more
                  | powerful. [Xom's mischief]
 67871 | Vaults:5 | Lost mutation: Scrolls take you a little longer to read.
                  | [Xom's mischief]
 67871 | Vaults:5 | Lost mutation: Your flesh is almost immune to the effects
                  | of cold. (rC+++) [Xom's mischief]
 68363 | D:8      | XOM: mild Hex miscast
 68431 | D:4      | Bought the +1 plate armour of Ennui {rPois rN++ Slay-3} for
                  | 445 gold pieces
 68785 | Crypt:1  | XOM: stealth player
 68785 | Crypt:1  | Entered Level 1 of the Crypt
 68786 | Crypt:1  | XOM: 4-stop teleportation journey
 68824 | Crypt:1  | Noticed Bai Suzhen
 68847 | Crypt:1  | Killed Bai Suzhen
 68877 | Crypt:1  | XOM: confuse monster(s)
 68880 | Crypt:1  | XOM: confusion (+ monsters)
 68895 | Crypt:1  | Noticed Xtahua
 68904 | Crypt:1  | XOM: divination: detect items
 68920 | Crypt:1  | XOM: harmless Tmut miscast
 68924 | Crypt:1  | Killed Xtahua
 69049 | Crypt:1  | Noticed Margery
 69050 | Crypt:1  | XOM: harmless Chrm miscast
 69056 | Crypt:1  | XOM: potion effect (might)
 69062 | Crypt:1  | Killed Margery
 69064 | Crypt:1  | XOM: harmless Necr miscast
 69122 | Crypt:1  | XOM: harmless Hex miscast
 69311 | Crypt:1  | XOM: enchant monster (good)
 69558 | Crypt:1  | XOM: mild Chrm miscast
 69624 | Crypt:1  | Noticed Mara
 69625 | Crypt:1  | Reached XP level 27. HP: 290/290 MP: 28/28
 69633 | Crypt:1  | XOM: draining
 69639 | Crypt:1  | Noticed bmj180's illusion
 69639 | Crypt:1  | Killed Mara
 69881 | Crypt:1  | XOM: medium Conj miscast
 69997 | Crypt:2  | XOM: 1-stop teleportation journey
 70034 | Crypt:2  | XOM: enchant monster (bad)
 70048 | Crypt:2  | XOM: 4-stop teleportation journey
 70187 | Crypt:2  | XOM: noise
 70930 | Vaults:1 | XOM: torment (175/290 hp)
 71035 | Crypt:2  | XOM: noise
 71054 | Crypt:3  | Entered Level 3 of the Crypt
 71060 | Crypt:3  | XOM: stat loss: -1 Str (24/25)
 71261 | Crypt:3  | XOM: stat loss: -1 Str (24/25)
 71417 | Crypt:3  | Got a scorched ruby amulet
 71427 | Crypt:3  | Identified the amulet "Sal Idiz" {Reflect *Corrode rPois
                  | rC+ Dex+3 Slay+3 SH+5} (You found it on level 3 of the
                  | Crypt)
 71440 | Crypt:3  | XOM: summons 1 hostile demon
 71529 | Crypt:3  | XOM: give mutations
 71529 | Crypt:3  | Lost mutation: Your spells are a little harder to cast, but
                  | a little more powerful. [Xom's mischief]
 71529 | Crypt:3  | Lost mutation: Your flesh is very cold resistant. (rC++)
                  | [Xom's mischief]
 71529 | Crypt:3  | Gained mutation: Your spells are a little easier to cast,
                  | but a little less powerful. [Xom's mischief]
 71636 | Crypt:3  | XOM: divination: magic mapping
 71782 | Crypt:3  | Noticed an ancient lich
 71788 | Crypt:3  | Killed an ancient lich
 71898 | Crypt:3  | XOM: confuse monster(s)
 71910 | Crypt:3  | Found an ancient bone altar of Kikubaaqudgha.
 71917 | Crypt:3  | Identified the ring of Uskayaw's Reproof {rN+ Str-3 Slay+2
                  | Stlth+}
 71917 | Crypt:3  | Noticed Boris
 71921 | Crypt:3  | XOM: harmless Fire miscast
 71932 | Crypt:3  | XOM: harmless Conj miscast
 71932 | Crypt:3  | Noticed an ancient lich
 71935 | Crypt:3  | XOM: potion effect (curing)
 71937 | Crypt:3  | Killed Boris
 71937 | Crypt:3  | XOM: harmless Chrm miscast
 71948 | Crypt:3  | XOM: divination: detect items
 71956 | Crypt:3  | Killed an ancient lich
 71989 | Crypt:3  | XOM: divination: detect items
 72004 | Crypt:3  | Got a clouded brass ring
 72170 | Crypt:3  | XOM: divination: magic mapping
 72200 | Crypt:3  | Found a staircase to the Tomb.
 72218 | Crypt:3  | XOM: medium Air miscast
 72227 | Crypt:3  | Found the +2 Maxwell's thermic engine {flame, freeze}
 72584 | Crypt:3  | XOM: cloud trail
 72886 | D:12     | Identified the ring "Oxebaitum" {*Corrode rN+ Int+4} (You
                  | found it on level 3 of the Crypt)
 72897 | D:12     | Lost mutation: You are robust. (+10% HP) [potion of
                  | mutation]
 72897 | D:12     | Lost mutation: You have claws for feet. [potion of
                  | mutation]
 72919 | D:12     | XOM: mild Summ miscast
 72998 | D:13     | XOM: harmless Erth miscast
 73170 | Zot:1    | Entered Level 1 of the Realm of Zot
 73186 | Zot:1    | XOM: potion effect (invisibility)
 73358 | Depths:5 | XOM: harmless Pois miscast
 73441 | Zot:1    | XOM: cast spell 'Cause Fear'
 73447 | Zot:1    | XOM: potion effect (haste)
 73463 | Zot:1    | XOM: noise
 73554 | Zot:1    | XOM: potion effect (curing)
 73568 | Zot:1    | XOM: cast spell 'Call Canine Familiar'
 73633 | Zot:1    | XOM: divination: detect creatures
 73731 | Zot:1    | XOM: harmless Erth miscast
 73994 | Zot:1    | XOM: swap monsters
 74099 | Zot:1    | XOM: give mutations
 74099 | Zot:1    | Lost mutation: Your spells are a little easier to cast, but
                  | a little less powerful. [Xom's mischief]
 74099 | Zot:1    | Lost mutation: Your flesh is cold resistant. (rC+) [Xom's
                  | mischief]
 74099 | Zot:1    | Lost mutation: You are somewhat resistant to further
                  | mutation. [Xom's mischief]
 74099 | Zot:1    | Lost mutation: You have razor-sharp toenails. [Xom's
                  | mischief]
 74391 | Zot:2    | XOM: confusion
 74725 | Zot:2    | XOM: harmless Necr miscast
 74733 | Zot:2    | XOM: 4-stop teleportation journey
 74750 | Zot:2    | XOM: chaos upgrade
 74754 | Zot:2    | XOM: cast spell 'Alistair's Intoxication'
 74769 | Zot:2    | XOM: enchant monster (good)
 74802 | Zot:2    | Found a huge runed gate.
 74802 | Zot:2    | Found a huge runed gate.
 74802 | Zot:2    | Found a huge runed gate.
 75010 | Zot:2    | Reached skill level 27 in Polearms
 75204 | Zot:2    | XOM: swap monsters
 75238 | Zot:2    | Found a huge runed gate.
 75238 | Zot:2    | Found a huge runed gate.
 75256 | Zot:2    | XOM: cloud trail
 75275 | Zot:2    | Found a huge runed gate.
 75303 | Zot:2    | Found a huge runed gate.
 75304 | Zot:2    | Found a huge runed gate.
 75305 | Zot:2    | Found a huge runed gate.
 75306 | Zot:2    | Found a huge runed gate.
 75309 | Zot:2    | Found a huge runed gate.
 75310 | Zot:2    | Found a huge runed gate.
 75313 | Zot:2    | Found a huge runed gate.
 75313 | Zot:2    | Noticed an orb of fire
 75320 | Zot:2    | XOM: noise
 75326 | Zot:2    | Killed an orb of fire
 75372 | Zot:2    | Found a huge runed gate.
 75372 | Zot:2    | Found a huge runed gate.
 75372 | Zot:2    | Found a huge runed gate.
 75372 | Zot:2    | Found a huge runed gate.
 75373 | Zot:2    | Found a huge runed gate.
 75374 | Zot:2    | Found a huge runed gate.
 75376 | Zot:2    | Found a huge runed gate.
 75475 | Zot:2    | XOM: divination: detect creatures
 75562 | Zot:2    | XOM: mild Tloc miscast
 75608 | Zot:2    | Found a huge runed gate.
 75880 | Zot:2    | Found a huge runed gate.
 75881 | Zot:2    | Found a huge runed gate.
 75910 | Zot:2    | Noticed an orb of fire
 75910 | Zot:2    | Noticed an orb of fire
 75910 | Zot:2    | Noticed an orb of fire
 75910 | Zot:2    | Noticed an orb of fire
 76118 | Zot:2    | XOM: silly message
 76118 | Zot:2    | Gained mutation: You are weak. (Str -2) [an orb of fire]
 76125 | Zot:2    | Lost mutation: You are weak. (Str -2) [an orb of fire]
 76134 | Zot:2    | Killed an orb of fire
 76239 | Zot:2    | XOM: divination: detect items
 76243 | Zot:2    | XOM: harmless Necr miscast
 76243 | Zot:2    | Gained mutation: You have a somewhat thin skeletal
                  | structure. (Dex +2, Stealth) [an orb of fire]
 76251 | Zot:2    | Killed an orb of fire
 76288 | Zot:2    | XOM: divination: detect items
 76306 | Zot:2    | Gained mutation: You are robust. (+10% HP) [an orb of fire]
 76309 | Zot:2    | Killed an orb of fire
 76460 | Zot:2    | XOM: smoke on damage
 76463 | Zot:2    | XOM: potion effect (agility)
 76482 | Zot:2    | Killed an orb of fire
 76487 | Zot:2    | XOM: divination: detect creatures
 76665 | Zot:2    | XOM: harmless Necr miscast
 76770 | Zot:3    | Noticed an orb of fire
 76782 | Zot:3    | Killed an orb of fire
 76803 | Zot:3    | XOM: divination: detect creatures
 76865 | Zot:3    | Reached skill level 27 in Fighting
 76904 | Zot:2    | XOM: divination: detect creatures
 76954 | Zot:3    | XOM: mild Air miscast
 76997 | Zot:3    | XOM: noise
 77045 | Zot:3    | XOM: confuse monster(s)
 77068 | Zot:3    | XOM: divination: detect creatures
 77094 | Zot:3    | XOM: summons 3 friendly demons
 77338 | Zot:3    | XOM: polymorph moth of wrath -> glowing shapeshifter
 77354 | Zot:3    | XOM: cast spell 'Summon Dragon'
 77369 | Zot:3    | Noticed an orb of fire
 77383 | Zot:3    | Gained mutation: Scrolls take you a little longer to read.
                  | [an orb of fire]
 77391 | Zot:3    | XOM: scenery: create altars
 77398 | Zot:3    | Killed an orb of fire
 77539 | Zot:3    | XOM: silly message
 77907 | Zot:4    | XOM: summons friendly shadow imp
 77910 | Zot:4    | XOM: scenery: create altars
 77915 | Zot:4    | XOM: divination: magic mapping
 77917 | Zot:4    | XOM: divination: detect creatures
 77928 | Zot:4    | XOM: potion effect (invisibility)
 78118 | Zot:4    | XOM: divination: detect items
 78134 | Zot:4    | XOM: divination: magic mapping
 78159 | Zot:3    | XOM: scenery: create altars
 78378 | Zot:4    | XOM: harmless Chrm miscast
 78387 | Zot:4    | XOM: cast spell 'Leda's Liquefaction'
 78388 | Zot:4    | XOM: silly message
 78390 | Zot:4    | XOM: scenery: create altars
 78405 | Zot:4    | XOM: potion effect (berserk rage)
 78442 | Zot:4    | XOM: potion effect (haste)
 78502 | Zot:3    | XOM: potion effect (brilliance)
 78813 | Zot:4    | XOM: harmless Fire miscast
 78883 | Zot:4    | XOM: divination: magic mapping
 79021 | Zot:4    | XOM: confuse monster(s)
 79024 | Zot:4    | XOM: scenery: create altars
 79034 | Zot:4    | XOM: enchant monster (good)
 79042 | Zot:4    | XOM: summons 7 friendly demons
 79053 | Zot:4    | XOM: fog
 79064 | Zot:4    | XOM: polymorph ufetubus -> shadow imp
 79074 | Zot:4    | XOM: enchant monster (good)
 79079 | Zot:4    | XOM: confuse monster(s)
 79083 | Zot:4    | XOM: summons 2 friendly demons
 79146 | Zot:4    | XOM: give mutations
 79146 | Zot:4    | Gained mutation: You have razor-sharp toenails. [Xom's
                  | grace]
 79146 | Zot:4    | Gained mutation: Your muscles are strong. (Str +2) [Xom's
                  | grace]
 79286 | Zot:5    | Entered Level 5 of the Realm of Zot
 79351 | Zot:2    | XOM: scenery: create altars
 79486 | Depths:1 | XOM: god gift: wand of acid (8)
 79622 | D:12     | XOM: give mutations
 79622 | D:12     | Lost mutation: Your mind is acute. (Int +2) [Xom's
                  | mischief]
 79622 | D:12     | Gained mutation: You are clumsy. (Dex -2) [Xom's mischief]
 79930 | Zot:4    | XOM: stat loss: -1 Dex (23/24)
 79931 | Zot:4    | Lost mutation: You are robust. (+10% HP) [potion of
                  | mutation]
 79931 | Zot:4    | Lost mutation: Your muscles are strong. (Str +2) [potion of
                  | mutation]
 79931 | Zot:4    | Lost mutation: You have razor-sharp toenails. [potion of
                  | mutation]
 79931 | Zot:4    | Gained mutation: You are somewhat resistant to further
                  | mutation. [potion of mutation]
 79931 | Zot:4    | Gained mutation: Your muscles are strong. (Str +2) [potion
                  | of mutation]
 79932 | Zot:4    | Lost mutation: You have sharp toenails. [potion of
                  | mutation]
 79932 | Zot:4    | Lost mutation: You are clumsy. (Dex -2) [potion of
                  | mutation]
 79932 | Zot:4    | Lost mutation: Scrolls take you a little longer to read.
                  | [potion of mutation]
 79932 | Zot:4    | Lost mutation: Your muscles are strong. (Str +2) [potion of
                  | mutation]
 79932 | Zot:4    | Gained mutation: You are partially covered in yellow
                  | scales. (AC +2) [potion of mutation]
 79932 | Zot:4    | Lost mutation: You are partially covered in yellow scales.
                  | (AC +2) [potion of mutation]
 80228 | Zot:5    | XOM: 1-stop teleportation journey
 80229 | Zot:5    | Noticed an orb of fire
 80257 | Zot:5    | Noticed an ancient lich
 80265 | Zot:5    | Noticed an orb of fire
 80314 | Zot:5    | Gained mutation: You are frail. (-10% HP) [an orb of fire]
 80324 | Zot:5    | Killed an orb of fire
 80330 | Zot:5    | XOM: harmless Tloc miscast
 80333 | Zot:5    | XOM: enchant monster (bad)
 80335 | Zot:5    | XOM: confuse monster(s)
 80357 | Zot:5    | XOM: divination: magic mapping
 80507 | Zot:5    | XOM: harmless Chrm miscast
 80528 | Zot:5    | XOM: mild Necr miscast
 80531 | Zot:5    | XOM: confuse monster(s)
 80539 | Zot:5    | XOM: cast spell 'Summon Butterflies'
 80551 | Zot:5    | XOM: confuse monster(s)
 80555 | Zot:5    | XOM: confuse monster(s)
 80581 | Zot:5    | XOM: harmless Fire miscast
 80606 | Zot:5    | XOM: harmless Erth miscast
 80618 | Zot:5    | Killed an ancient lich
 80709 | Zot:5    | XOM: cast spell 'Call Canine Familiar'
 80747 | Zot:5    | XOM: potion effect (curing)
 80752 | Zot:5    | Killed an orb of fire
 80763 | Zot:5    | XOM: potion effect (berserk rage)
 80767 | Zot:5    | XOM: polymorph Orb Guardian -> sphinx
 80776 | Zot:5    | XOM: cleaving
 80790 | Zot:5    | Reached skill level 27 in Armour
 80989 | Zot:5    | XOM: cast spell 'Summon Dragon'
 80992 | Zot:5    | XOM: summons 2 friendly demons
 81477 | Zot:5    | Got the Orb of Zot
 81729 | Depths:5 | Noticed an ancient lich
 81910 | D:14     | XOM: cast spell 'Olgreb's Toxic Radiance'
 81974 | D:12     | XOM: harmless Chrm miscast
 82113 | D:7      | XOM: cast spell 'Ring of Flames'
 82233 | D:$      | Escaped with the Orb!

Skill      XL: |  1  2  3  4  5  6  7  8  9 10 11 12 13 14 15 16 17 18 19 20 21 22 23 24 25 26 27 |
---------------+----------------------------------------------------------------------------------+-----
Fighting       | 4 5 6 8 10 12 13 14 15 16 17 18 19 20 21 23 24 27 | 27.0
Shields        | 4 5 6 7 8 10 12 14 16 17 19 20 22 23 24 25 26 27 | 27.0
Polearms       | 3 4 5 6 7 9 11 12 14 15 16 17 18 19 20 21 22 23 24 25 27 | 27.0
Armour         | 4 5 6 7 8 10 11 12 13 14 15 17 19 20 21 27 | 27.0
Dodging        | 1 2 3 4 5 6 7 8 9 10 12 13 14 15 16 17 18 19 20 25 | 25.1
Evocations     | 1 2 3 4 5 6 7 9 |  9.0

Action                   |  1- 3 |  4- 6 |  7- 9 | 10-12 | 13-15 | 16-18 | 19-21 | 22-24 | 25-27 || total
-------------------------+-------+-------+-------+-------+-------+-------+-------+-------+-------++-------
Melee: Trident           |   116 |   161 |   343 |  1324 |  1485 |   682 |       |       |       ||  4111
       Headbutt          |    18 |    28 |    56 |   260 |   415 |   350 |   428 |   657 |  1002 ||  3214
       Demon trident     |       |       |       |       |       |   637 |  1583 |  1887 |  3064 ||  7171
       Kick              |       |       |       |       |       |       |       |     8 |   571 ||   579
       Unarmed           |       |       |       |       |       |       |       |       |    21 ||    21
Evoke: Wand              |       |       |     1 |    21 |    18 |     2 |       |     1 |     4 ||    47
       Fan of gales      |       |       |       |       |       |       |       |       |     1 ||     1
  Use: Potion            |       |     1 |       |     2 |     9 |     4 |     7 |     3 |    13 ||    39
       Scroll            |       |       |    15 |    10 |    12 |    17 |    21 |     7 |    17 ||    99
 Stab: Distracted        |       |       |       |     1 |       |     2 |       |     3 |     4 ||    10
       Confused          |       |       |       |       |       |     5 |     2 |     6 |    30 ||    43
       Sleeping          |       |       |       |       |       |     1 |     1 |       |       ||     2
       Petrifying        |       |       |       |       |       |       |       |       |     3 ||     3
       Paralysed         |       |       |       |       |       |       |       |       |     7 ||     7
       Invisible         |       |       |       |       |       |       |       |       |    11 ||    11
  Eat: Chunk             |     1 |     2 |     9 |    17 |    16 |    11 |    20 |    14 |    21 ||   111
       Ration            |       |     1 |     1 |     5 |     7 |     6 |     7 |     5 |    14 ||    46
Armor: Scale mail        |    45 |    54 |    58 |    19 |       |       |       |       |       ||   176
       Chain mail        |       |       |       |   231 |    59 |       |       |       |       ||   290
       Plate armour      |       |       |       |       |    89 |   193 |   224 |   236 |   321 ||  1063
       Skin              |       |       |       |       |       |       |     1 |     5 |     1 ||     7
Dodge: Dodged            |    27 |    40 |    96 |   315 |   299 |   428 |   404 |   485 |  1073 ||  3167
Block: Shield            |    59 |   119 |   191 |   297 |   898 |  1109 |   994 |  1287 |  2257 ||  7211
       Reflection        |     4 |       |     6 |    21 |    91 |    52 |   130 |   122 |    94 ||   520
       Buckler           |       |       |       |   161 |     6 |       |       |       |       ||   167
